 Dungeon Crawl Stone Soup version 0.31-a0-726-g3c93526463 (webtiles) character file.

Game seed: 5048334805404538298

18689297 ouz the Conqueror (level 27, 152/174 HPs)
             Began as a Vine Stalker Gladiator on Sept 8, 2023.
             Was a High Priest of Wu Jian.
             Escaped with the Orb
             ... and 15 runes on Sept 11, 2023!
             The game lasted 03:36:46 (82525 turns).

ouz the Conqueror (Vine Stalker Gladiator)         Turns: 82525, Time: 03:36:47

Health: 152/174    AC: 29    Str: 19    XL:     27
Magic:  35/43      EV: 48    Int:  7    God:    Wu Jian [*****.]
Gold:   16331      SH: 42    Dex: 46    Spells: 75/75 levels left

rFire   + + +        p - +8 Vampire's Tooth {megavamp}
rCold   + + +        Y - +8 tower shield {rC+}
rNeg    + + +        U - +6 scale mail of Efikeq {Regen+ Dex+5}
rPois   ∞            N - -2 hat of the Alchemist {rElec rPois rF+ rC+ rN+ Will+ rMut rCorr}
rElec   +            z - scarf of Ficaxk Getu {shadows, Dex+7}
rCorr   +            O - +0 pair of gloves "Nadiovu" {Slay+5}
SInv    .            M - +0 pair of boots of Spaghetti {Will+}
Will    +++++        W - amulet of Boulle {Acrobat Drain +Blink rElec rF+}
Stlth   ++++         f - ring "Awalul" {rF+ rN+ Will++ MP-9 Dex+3}
HPRegen 2.09/turn    k - ring of the Tortoise {AC+8}
MPRegen 0.28/turn

%: acrobat, resist mutation, guardian spirit
@: death-form, studying 3 skills
A: vile attack, torment immunity, no potions, fangs 3, regeneration 1, magic
shield, antimagic bite, no potion heal 2, agile 1, fire resistance 1, wild magic
1, MP-powered wands
0: Orb of Zot
}: 15/15 runes: decaying, serpentine, slimy, silver, golden, iron, obsidian,
icy, bone, abyssal, demonic, glowing, magical, fiery, dark
a: Siphon Essence, Begin Untransformation, Renounce Religion, Evoke Blink, Wall
Jump, Serpent's Lash, Heavenly Storm


You escaped.
You worshipped Wu Jian.
Wu Jian was extremely pleased with you.
You were an undying horror.
You visited 18 branches of the dungeon, and saw 88 of its levels.
You visited Pandemonium 2 times, and saw 26 of its levels.
You visited the Abyss 1 time.
You visited 1 ziggurat, and saw 18 of its levels.
You also visited: Sewer, Bailey and Ice Cave.

You collected 18746 gold pieces.
You spent 2415 gold pieces at shops.

Inventory:

Hand Weapons
 p - the +8 Vampire's Tooth (weapon) {megavamp}
   (You found it on level 3 of the Elven Halls)
 S - the +7 captain's cutlass {speed, disarm}
   (You found it on level 2 of the Elven Halls)
Missiles
 e - 28 javelins
 l - 5 throwing nets
 V - 13 silver javelins
Armour
 s - the +2 hood of the Assassin {Detect Stab+ Stlth++}
   (You found it on level 1 of the Vaults)

   Detect:    It allows the wearer to sense nearby creatures.
   Stab+:     It allows the wearer to make particularly effective stabbing
   attacks against helpless or unaware enemies with any weapon.
   Stlth++:   It makes you much more stealthy.
 z - the scarf of Ficaxk Getu (worn) {shadows, Dex+7}
   (You found it in Pandemonium)

   Dex+7:     It affects your dexterity (+7).
 I - the +9 scales of the Dragon King {rPois rF+ rC+ Will+}
   (You found it on level 3 of the Elven Halls)

   rF+:       It protects you from fire.
   rC+:       It protects you from cold.
   rPois:     It protects you from poison Will+: It increases your willpower.
 L - the +10 chain mail "Detifref" {rPois rC+ Dex+2}
   (You found it in Pandemonium)

   Dex+2:     It affects your dexterity (+2).
   rC+:       It protects you from cold.
   rPois:     It protects you from poison
 M - the +0 pair of boots of Spaghetti (worn) {Will+}
   (You found it on level 5 of the Pits of Slime)

   Will+:     It increases your willpower.
 N - the -2 hat of the Alchemist (worn) {rElec rPois rF+ rC+ rN+ Will+ rMut rCorr}
   (You found it on level 10 of the Dungeon)

   rF+:       It protects you from fire.
   rC+:       It protects you from cold.
   rElec:     It insulates you from electricity.
   rPois:     It protects you from poison rN+: It protects you from negative
   energy.
   Will+:     It increases your willpower.
   rCorr:     It protects you from acid and corrosion.
   rMut:      It protects you from mutation.
 O - the +0 pair of gloves "Nadiovu" (worn) {Slay+5}
   (You bought it in a shop in Pandemonium)

   Slay+5:    It affects your accuracy & damage with ranged weapons and melee
   (+5).
 U - the +6 scale mail of Efikeq (worn) {Regen+ Dex+5}
   (You acquired it on level 5 of the Lair of Beasts)

   Dex+5:     It affects your dexterity (+5).
   Regen+:    It increases your rate of health regeneration.
 Y - a +8 tower shield of cold resistance (worn)
Jewellery
 f - the ring "Awalul" (left hand) {rF+ rN+ Will++ MP-9 Dex+3}
   (You found it on level 3 of the Crypt)

   [ring of positive energy]

   Dex+3:     It affects your dexterity (+3).
   rF+:       It protects you from fire.
   rN+:       It protects you from negative energy.
   Will++:    It greatly increases your willpower.
   MP-9:      It affects your magic capacity (-9).
 k - the ring of the Tortoise (right hand) {AC+8}
   (You took it off a hobgoblin on level 2 of the Dungeon)

   [ring of protection]

   AC+8:      It affects your AC (+8).
 t - the dreamshard necklace {Acrobat *Dream}
   (You found it on level 4 of a ziggurat)

   [amulet of the acrobat]

   *Dream:    It absorbs a single lethal wound into itself, holding its wearer
   just short of death and releasing dream-creatures to guard them.
   Acrobat:   It increases your evasion while moving and waiting.
 A - the ring "Unuofupn" {EV+5 Str+4 Int+2 SInv}
   (You found it in Pandemonium)

   [ring of evasion]

   EV+5:      It affects your evasion (+5).
   Str+4:     It affects your strength (+4).
   Int+2:     It affects your intelligence (+2).
   SInv:      It lets you see invisible.
 W - the amulet of Boulle (around neck) {Acrobat Drain +Blink rElec rF+}
   (You acquired it on level 5 of the Pits of Slime)

   [amulet of the acrobat]

   Acrobat:   It increases your evasion while moving and waiting.
   rF+:       It protects you from fire.
   rElec:     It insulates you from electricity.
   +Blink:    It lets you blink.
   Drain:     It drains your maximum health when unequipped.
Talismans
 v - a talisman of death (active)
Wands
 u - a wand of acid (20)
 y - a wand of flame (54)
 Q - a wand of digging (7)
 R - a wand of roots (28)
 X - a wand of polymorph (5)
Scrolls
 b - 10 scrolls of poison
 c - 3 scrolls of silence
 d - 9 scrolls of fog
 g - 3 scrolls of torment
 h - 17 scrolls of enchant weapon
 j - 4 scrolls of brand weapon
 m - 11 scrolls of amnesia
 n - 29 scrolls of teleportation
 x - 22 scrolls of enchant armour
 J - 9 scrolls of revelation
 P - 11 scrolls of fear
 T - 9 scrolls of blinking
 Z - a scroll of summoning
Potions
 a - 5 potions of magic
 i - a potion of invisibility
 o - 6 potions of lignification
 q - 5 potions of berserk rage
 r - 14 potions of brilliance
 w - 12 potions of ambrosia
 C - 10 potions of might
 D - a potion of mutation
 E - 4 potions of cancellation
 F - 9 potions of resistance
 G - 15 potions of haste
 H - 28 potions of curing
 K - 12 potions of enlightenment
Miscellaneous
 B - a figurine of a ziggurat


   Skills:
 O Level 27 Fighting
 - Level 19.4 Short Blades
 - Level 1.7 Throwing
 + Level 25.0 Armour
 + Level 25.3 Dodging
 O Level 27 Stealth
 O Level 27 Shields
 + Level 24.7 Spellcasting
 - Level 8.1 Transmutations
 - Level 23.2 Shapeshifting


You had 75 spell levels left.
You didn't know any spells.
Your spell library contained the following spells:

 Spells                   Type           Power      Damage    Failure   Level
 Wereblood                Tmut           26%        N/A       1%          2
 Sting                    Tmut/Pois      72%        1d6       2%          1
 Passwall                 Tmut/Erth      15%        N/A       3%          2
 Apportation              Tloc           22%        N/A       10%         1
 Kiss of Death            Conj/Necr      44%        2d8       10%         1
 Magic Dart               Conj           44%        1d5       10%         1
 Sandblast                Erth           22%        2d7       10%         1
 Shock                    Conj/Air       44%        1d5       10%         1
 Slow                     Hex            44%        N/A       10%         1
 Summon Small Mammal      Summ           44%        N/A       10%         1
 Ignite Poison            Fire/Tmut/Pois 16%        N/A       10%         3
 Blink                    Tloc           22%        N/A       14%         2
 Call Imp                 Summ           22%        N/A       14%         2
 Cigotuvi's Dreadful Rot  Necr/Pois/Air  22%        N/A       14%         2
 Jinxbite                 Hex            22%        N/A       14%         2
 Lesser Beckoning         Tloc           22%        N/A       14%         2
 Momentum Strike          Conj/Tloc      22%        3d8       14%         2
 Poisonous Vapours        Pois/Air       22%        N/A       14%         2
 Scorch                   Fire           22%        2d5       14%         2
 Sublimation of Blood     Necr           11%        N/A       14%         2
 Petrify                  Tmut/Erth      18%        N/A       17%         4
 Call Canine Familiar     Summ           11%        N/A       26%         3
 Confusing Touch          Hex            11%        N/A       26%         3
 Dazzling Flash           Conj/Hex       22%        N/A       26%         3
 Frozen Ramparts          Ice            22%        1d4       26%         3
 Gell's Gravitas          Tloc           11%        N/A       26%         3
 Hailstorm                Conj/Ice       11%        3d5       26%         3
 Inner Flame              Hex/Fire       11%        N/A       26%         3
 Mephitic Cloud           Conj/Pois/Air  11%        N/A       26%         3
 Sigil of Binding         Hex            11%        N/A       26%         3
 Stone Arrow              Conj/Erth      22%        3d8       26%         3
 Summon Guardian Golem    Hex/Summ       11%        N/A       26%         3
 Swiftness                Air            11%        N/A       26%         3
 Teleport Other           Tloc           11%        N/A       26%         3
 Tukima's Dance           Hex            11%        N/A       26%         3
 Vampiric Draining        Necr           11%        2d6       26%         3
 Volatile Blastmotes      Fire/Tloc      22%        2d11      26%         3
 Alistair's Intoxication  Tmut/Pois      12%        N/A       41%         5
 Irradiate                Conj/Tmut      9%         3d14      41%         5
 Yara's Violent Unravell  Hex/Tmut       9%         3d6       41%         5
 Airstrike                Air            5%         2d(1-17)  61%         4
 Anguish                  Hex/Necr       5%         N/A       61%         4
 Animate Armour           Summ/Erth      22%        N/A       61%         4
 Animate Dead             Necr           11%        N/A       61%         4
 Cause Fear               Hex            5%         N/A       61%         4
 Dimensional Bullseye     Hex/Tloc       5%         N/A       61%         4
 Dispel Undead            Necr           11%        3d9       61%         4
 Flame Wave               Conj/Fire      11%        2d6       61%         4
 Fulminant Prism          Conj/Hex       5%         3d6       61%         4
 Iskenderun's Mystic Bla  Conj/Tloc      11%        2d4       61%         4
 Leda's Liquefaction      Hex/Erth       5%         N/A       61%         4
 Manifold Assault         Tloc           11%        N/A       61%         4
 Olgreb's Toxic Radiance  Pois           11%        N/A       61%         4
 Passage of Golubria      Tloc           11%        N/A       61%         4
 Sticky Flame             Conj/Fire      11%        2d3       61%         4
 Summon Ice Beast         Ice/Summ       11%        N/A       61%         4
 Summon Lightning Spire   Summ/Air       11%        N/A       61%         4
 Vhi's Electric Charge    Tloc/Air       22%        N/A       61%         4
 Agony                    Necr           11%        N/A       90%         5
 Arcjolt                  Conj/Air       5%         1d15      90%         5
 Borgnjor's Vile Clutch   Necr/Erth      5%         N/A       90%         5
 Freezing Cloud           Conj/Ice/Air   5%         6-21      90%         5
 Lee's Rapid Deconstruct  Erth           5%         3d6*      90%         5
 Metabolic Englaciation   Hex/Ice        5%         N/A       90%         5
 Silence                  Hex/Air        5%         N/A       90%         5
 Summon Forest            Summ/Tloc      5%         N/A       90%         5
 Summon Mana Viper        Hex/Summ       11%        N/A       90%         5
 Eringya's Noxious Bog    Tmut/Pois      9%         4d6       91%         6
 Conjure Ball Lightning   Conj/Air       5%         3x3d6     100%        6
 Death Channel            Necr           5%         N/A       100%        6
 Dispersal                Tloc           5%         N/A       100%        6
 Leda's Unmaking          Conj/Erth      5%         9d2       100%        6
 Plasma Beam              Fire/Air       5%         2x1d16    100%        6
 Simulacrum               Ice/Necr       5%         N/A       100%        6
 Summon Cactus Giant      Summ           5%         N/A       100%        6
 Enfeeble                 Hex            5%         N/A       100%        7
 Haunt                    Necr/Summ      5%         N/A       100%        7
 Monstrous Menagerie      Summ           5%         N/A       100%        7
 Ozocubu's Refrigeration  Ice            5%         4d8       100%        7
 Summon Hydra             Summ           5%         N/A       100%        7
 Borgnjor's Revivificati  Necr           5%         N/A       100%        8
 Discord                  Hex            5%         N/A       100%        8
 Disjunction              Tloc           5%         N/A       100%        8
 Ignition                 Fire           5%         3d4       100%        8
 Infestation              Necr           5%         N/A       100%        8
 Lehudib's Crystal Spear  Conj/Erth      5%         10d3      100%        8
 Maxwell's Capacitive Co  Air            5%         ∞         100%        8
 Chain Lightning          Conj/Air       5%         3d7       100%        9
 Death's Door             Necr           5%         N/A       100%        9
 Dragon's Call            Summ           5%         N/A       100%        9
 Fire Storm               Conj/Fire      5%         8d2       100%        9
 Polar Vortex             Ice            5%         N/A       100%        9
 Shatter                  Erth           5%         3d8*      100%        9


Dungeon Overview and Level Annotations

Branches:
Dungeon (15/15)            Temple (1/1) D:4            Lair (5/5) D:9
  Swamp (4/4) Lair:2        Snake (4/4) Lair:2        Slime (5/5) Lair:4
    Orc (2/2) D:11            Elf (3/3) Orc:2        Vaults (5/5) D:14
  Crypt (3/3) Vaults:3       Tomb (3/3) Crypt:3      Depths (4/4) D:15
   Hell (visited)             Dis (7/7) Hell            Geh (7/7) Hell
    Coc (7/7) Hell            Tar (7/7) Hell            Zot (5/5) Depths:4
  Sewer (visited)          Bailey (visited)           IceCv (visited)

Altars:
Ashenzari
Cheibriados
Dithmenos
Elyvilon
Fedhas
Gozag
Hepliaklqana
Kikubaaqudgha
Makhleb
Nemelex Xobeh
Okawaru
Qazlal
Ru
Sif Muna
Trog
Uskayaw
Vehumet
Wu Jian
Xom
Yredelemnul
Zin
The Shining One
Jiyva
Lugonu

Shops:
D:9 *   D:11 ([   Orc:2 =[*(   Elf:1 *   Snake:2 [   Vaults:1 *[(   Vaults:2 :

Portals:
Hell: Depths:1 Depths:2 Depths:3 Depths:4
Abyss: Crypt:2 Depths:3 Depths:4
Pandemonium: Depths:2

Annotations:
D:5 1 runed translucent door, Beaer's ghost, novice DsFi
Lair:5 1 runed translucent door
Snake:4 2 runed translucent doors, ceneti's ghost, adept MiFi
Elf:1 6 runed translucent doors
Depths:3 3 runed translucent doors
Tar:2 1 runed translucent door


Innate Abilities, Weirdness & Mutations

You are an undying horror.
Your melee and unarmed attacks drain, slow and weaken victims.
You are immune to unholy pain and torment.
You cannot drink.
You are immune to poison.
You have razor-sharp teeth.
Your natural rate of healing is unusually fast.
When hurt, damage is shared between your health and your magic reserves.
Your bite disrupts and absorbs the magic of your enemies.
Potions cannot restore your health.
You are agile. (Dex +4, Str/Int -1)
Your flesh is heat resistant. (rF+)
Your spells are a little harder to cast, but a little more powerful.
You expend magic power (3 MP) to strengthen your wands.


Message History

There is a stone staircase leading up here.
You climb upwards.
There is a stone staircase leading down here.
There is an open door here.
There is a stone staircase leading up here.
You climb upwards.
There is a stone staircase leading down here.
There is a stone staircase leading up here.
You climb upwards.
Level annotation: 1 runed translucent door, Beaer's ghost, novice DsFi
There is a stone staircase leading down here.
There is a stone staircase leading up here.
You climb upwards.
There is a stone staircase leading down here.
You hear a chilling moan.
There is a stone staircase leading up here.
You climb upwards.
There is a stone staircase leading down here.
There is a stone staircase leading up here.
You climb upwards.
There is a stone staircase leading down here.
There is a stone staircase leading up here.
You climb upwards.
There is a stone staircase leading down here.
A hellion comes into view.
The hellion gestures at you.
The sphere of damnation explodes!
The damnation engulfs you!! The hellion gestures at you.
The sphere of damnation explodes!
The damnation engulfs you!!
The damnation engulfs the hellion.
The hellion completely resists.
You closely miss the hellion. Your bite misses the hellion.
You puncture the hellion!
The hellion decays.
You bite the hellion!!
You kill the hellion!
The Council accepts your kill.
Unknown command.
There is a staircase leading out of the dungeon here.
You can't go down here!
You can't go down here!
You can't go down here!
You have escaped!

.#....##......#..........##.###.#
......#.#......#.#......#.#......
#....##..#......#......#..#####..
####.##...#..#.#.#....#...# #.[ #
#.##....#..#...#..#....# #.. #
#.##.....##.#...##.....# #.# #
#.##.....#...#...#.....# #.# #
#.......#.....#.#.#.#..#####.# #
#.##...#.#...z.#...#......#... #
#.##..#...#...#.#.#.#..##..... #
#.##.....#.#.#...#...#.####... #
#.##....#...#...#.#....# ###. ##
#.##...#...#...#...#...# #÷ .#
#.##..#...#...#.....#..# #. .#
#.##.#.......#.......#.######. .#
#.###.................##...... .#
#.# #########.##########......


There were no monsters in sight!

Vanquished Creatures
  Cerebov (Pan)
  Antaeus (Coc:7)
  Asmodeus (Geh:7)
  the Royal Jelly (Slime:5)
  Gloorx Vloq (Pan)
  Ereshkigal (Tar:7)
  Ignacio (Pan)
  Mnoleg (Pan)
  A seraph (D:11)
  the Serpent of Hell (Dis:7)
  Lom Lobon (Pan)
  17 dread liches
  3 orbs of fire (Zot:5)
  Dispater (Dis:7)
  Mennas (Pan)
  7 ancient liches
  Mara (Vaults:5)
  3 juggernauts
  20 pandemonium lords (Pan)
  The ghost of Rauty the Slayer, a veteran MiFi of Okawaru (Depths:2)
  Josephina (Zot:4)
  47 royal mummies
  2 shard shrikes (Coc:7)
  Bai Suzhen (Swamp:4)
  the Lernaean hydra (Swamp:4)
  2 Killer Klowns (Zot:5)
  2 curse toes
  Xtahua (Crypt:1)
  Vashnia (Snake:2)
  19 caustic shrikes
  Geryon (Hell)
  8 golden dragons
  Jory (Depths:4)
  9 bone dragons
  Norris (Depths:3)
  27 Brimstone Fiends
  13 iron giants
  11 profane servitors
  4 doom hounds
  3 electric golems
  21 hellephants
  23 Tzitzimimeh
  3 shard shrike zombies
  9 tentacled monstrosities
  10 tainted leviathans
  37 Hell Sentinels
  Asterion (Snake:2)
  28 Ice Fiends
  2 deep elf blademasters
  Rupert (Lair:4)
  A walking crystal tome (Depths:4)
  20 Orb Guardians (Zot:5)
  Jorgrun (D:14)
  A quicksilver dragon (Depths:3)
  9 liches
  33 searing wretches
  19 titans
  3 deep elf master archers (Elf:3)
  A walking divine tome (Depths:1)
  13 sphinxes
  20 acid blobs
  29 ancient champions
  Murray (Hell)
  A walking frostbound tome (Depths:3)
  Frances (D:14)
  7 tentacled starspawn
  4 death cobs
  37 Executioners
  6 tengu reavers (Vaults:5)
  11 storm dragons
  A kraken (Swamp:1)
  11 shadow dragons
  4 draconian monks
  Kirke (Snake:1)
  2 thorn hunters
  8 rockslimes
  11 azure jellies
  Roxanne (Elf:3)
  4 nagarajas (Snake:4)
  6 revenants
  23 demonspawn warmongers (Pan)
  2 draconian knights (Zot:1)
  Aizul (Snake:2)
  31 fire giants
  4 iron dragons
  A daeva (Pan)
  7 deep elf sorcerers
  Louise (Snake:2)
  14 narguns
  A draconian scorcher (Depths:4)
  8 quicksilver elementals
  2 caustic shrike zombies
  15 frost giants
  5 ghost moths
  63 balrugs
  6 spectral juggernauts
  20 vault wardens
  19 ironbound preservers
  5 shard shrike simulacra
  5 spectral caustic shrikes
  4 draconian stormcallers
  2 deep elf elementalists (Elf:3)
  6 draconian shifters
  14 demonspawn corrupters (Pan)
  48 reapers
  An orc warlord (Orc:2)
  38 cacodemons
  2 spriggan defenders (Depths:3)
  3 angels
  33 very ugly things
  12 demonspawn blood saints (Pan)
  A ghoul (Swamp:3)
  12 stone giants
  3 draconian annihilators
  4 curse skulls
  22 war gargoyles
  6 caustic shrike skeletons
  8 formless jellyfish
  6 elemental wellsprings
  5 green draconians
  8 quicksilver oozes
  13 demonspawn black suns (Pan)
  5 ironbound thunderhulks
  10 putrid mouths
  10 wendigos
  6 bennus
  3 eleionomae
  8 red draconians
  11 starcursed masses
  4 bunyips
  8 deep elf demonologists
  11 vampire knights
  6 purple draconians
  14 deep elf annihilators
  4 dire elephants
  8 yellow draconians
  19 lorocyprocas (Pan)
  7 black draconians
  11 spark wasps
  A spectral titan (Tar:4)
  6 white draconians
  23 blizzard demons (Pan)
  19 iron golems
  8 deep elf death magi
  14 ettins
  7 merfolk impalers (Zig:17)
  15 eidola
  11 jiangshi
  2 shambling mangroves
  The ghost of niknal the Bludgeoner, a journeyman TrWr of Hepliaklqana (D:9)
  23 green deaths (Pan)
  9 great orbs of eyes
  8 merfolk javelineers
  33 mummy priests
  2 spectral quicksilver dragons
  2 spectral golden dragons (Depths:2)
  6 fire dragons
  An entropy weaver (Vaults:1)
  12 yaktaur captains
  6 spectral spriggans
  2 spriggan zombies
  42 vault guards
  3 spectral tengu (Depths:2)
  15 deep elf high priests
  2 quicksilver dragon skeletons (Abyss:2)
  6 juggernaut simulacra
  6 rakshasas
  A spectral shadow dragon (Depths:2)
  7 caustic shrike simulacra
  24 hydras
  10 hell beasts
  A hydra (shapeshifter) (Vaults:5)
  A peacekeeper (Vaults:3)
  An ogre mage (Vaults:3)
  8 spriggan air magi
  5 catoblepae
  2 spectral sphinxes (Depths:2)
  A sphinx zombie (Crypt:2)
  7 salamander tyrants
  Erica (D:10)
  2 spectral frost giants (Depths:2)
  9 anacondas
  4 ghost crabs
  2 ice dragons
  7 ironbound frosthearts
  2 fenstrider witch skeletons (Pan)
  5 boulder beetles
  2 death knights
  28 dancing weapons
  10 stokers
  13 alligators
  5 tengu warriors
  7 centaur warriors
  8 two-headed ogres
  6 deep troll earth magi
  8 deep troll shamans
  11 death yaks
  4 sphinx skeletons
  3 merfolk aquamancers (Zig:17)
  32 demonic crawlers
  2 spectral nagas
  47 hell hogs
  6 holy swine (Pan)
  23 naga sharpshooters
  2 orc high priests (Orc:2)
  15 naga warriors
  76 death scarabs
  A titan zombie (Tomb:3)
  16 vampire magi
  A shock serpent (shapeshifter) (Vaults:2)
  3 spectral storm dragons (Depths:2)
  5 spriggan berserkers
  124 sun demons
  An emperor scorpion zombie (Crypt:2)
  2 thrashing horrors
  23 deep elf knights
  67 soul eaters
  8 shock serpents
  41 hell knights
  5 salamander mystics
  24 shadow wraiths
  13 iron trolls
  2 storm dragon skeletons
  8 crystal echidnas
  A spectral bunyip (Tar:1)
  46 sixfirhies
  3 wretched stars
  5 skysharks
  3 spectral anacondas
  2 cherubim
  A sea snake (shapeshifter) (Depths:1)
  21 bog bodies
  2 death drakes
  28 skeletal warriors
  4 spriggan druids
  3 quicksilver dragon simulacra
  15 swamp dragons
  3 spriggan simulacra
  4 goliath frogs
  8 flayed ghosts
  4 sea snakes
  5 glowing orange brains
  26 phantasmal warriors
  26 shadow demons
  A tengu zombie (Zig:11)
  26 deep elf archers
  5 naga ritualists
  A shadow dragon zombie (Crypt:3)
  39 deep trolls
  22 ironbound convokers
  20 harpies (Zig:17)
  An anaconda zombie (Hell)
  30 deep elf pyromancers
  2 orange crystal statues (Depths:2)
  15 wizards
  A bunyip skeleton (Pan)
  28 deep elf zephyrmancers
  A spectral iron dragon (Depths:2)
  An alligator zombie (Hell)
  A steelbarb worm (shapeshifter) (Vaults:2)
  A golden dragon skeleton (Zig:16)
  16 lindwurms
  An iron dragon zombie (Zig:16)
  42 ugly things
  A sphinx simulacrum (Depths:2)
  4 necromancers
  2 shining eyes
  5 mana vipers
  6 orc knights
  A shadow dragon skeleton (Zig:11)
  6 orc sorcerers
  9 manticores
  5 cyclopes
  6 will-o-the-wisps
  9 fire giant skeletons
  A stone giant skeleton (Pan)
  4 guardian serpents
  3 merfolk sirens (Zig:17)
  23 salamanders
  11 moths of wrath
  2 iron dragon skeletons
  8 rust devils
  14 elephants
  2 dire elephant zombies
  A spectral alligator snapping turtle (Tar:1)
  3 centaur zombies
  48 black mambas
  17 vault sentinels
  A shock serpent skeleton (Crypt:1)
  16 naga magi
  3 titan simulacra
  63 smoke demons
  5 torpor snails (Lair:5)
  A torpor snail (shapeshifter) (Vaults:5)
  3 ice statues
  An eye of devastation (shapeshifter) (Vaults:2)
  17 cane toads
  6 gargoyles
  A sea snake zombie (Hell)
  46 orange demons
  34 hellions
  2 storm dragon simulacra
  3 water nymphs (Zig:17)
  A purple draconian zombie (Crypt:2)
  2 kobold demonologists
  7 komodo dragons
  Psyche (D:10)
  9 rime drakes
  32 yaktaurs
  7 unseen horrors
  43 tormentors
  3 efreet (Pan)
  A dire elephant skeleton (Pan)
  A silent spectre (Tar:1)
  70 guardian mummies
  3 spectral glowing shapeshifters (Depths:2)
  3 iron giant simulacra (Coc:5)
  8 ice devils
  3 tengu conjurers
  3 anaconda simulacra
  5 golden dragon simulacra (Depths:2)
  A bunyip simulacrum (Tomb:2)
  A red draconian skeleton (Crypt:2)
  A sea snake skeleton (Hell)
  A yellow draconian skeleton (Crypt:2)
  8 freezing wraiths
  21 red devils (Pan)
  2 ancient zymes (Zig:13)
  A meliai (D:10)
  2 hydra zombies (Hell)
  A death yak skeleton (Crypt:2)
  A green draconian skeleton (Crypt:1)
  2 polar bears
  A spectral harpy (Tar:1)
  21 merfolk (Zig:17)
  4 wind drakes
  A merfolk (shapeshifter) (Vaults:5)
  21 hornets
  8 trolls
  30 hellwings
  A hornet (shapeshifter) (Vaults:2)
  2 shadow dragon simulacra
  A snapping turtle (Zig:17)
  A tengu simulacrum (Depths:2)
  A tarantella (shapeshifter) (Zig:9)
  3 harpy skeletons
  2 hydra skeletons (Hell)
  12 tyrant leeches
  Grinder (D:3)
  2 iron dragon simulacra
  7 raiju
  21 blink frogs
  6 dream sheep
  63 slime creatures
  5 air elementals
  A centaur simulacrum (D:15)
  11 spriggans
  Sigmund (D:2)
  31 flying skulls
  9 fire dragon skeletons (Crypt:3)
  18 ushabtiu
  84 large abominations
  9 wyverns
  44 yaks
  6 vampires
  9 shadows
  6 dire elephant simulacra
  6 fire elementals
  6 basilisks
  63 ynoxinuls
  16 water elementals
  13 wraiths
  A hog (shapeshifter) (Elf:1)
  2 redbacks (Vaults:1)
  5 hogs (Snake:1)
  6 vampire mosquitoes
  52 chaos spawn
  An alligator snapping turtle simulacrum (Coc:1)
  A black mamba skeleton (Pan)
  6 golden eyes
  A yellow draconian simulacrum (Zot:4)
  41 neqoxecs
  5 wargs
  4 steam dragons
  34 nagas
  9 harpy simulacra
  A swamp worm (shapeshifter) (Vaults:5)
  12 swamp worms
  4 acid dragons (Lair:5)
  A hydra simulacrum (Hell)
  22 water moccasins
  A glowing shapeshifter skeleton (Zig:11)
  7 hell hounds (Hell)
  4 floating eyes
  A moth of wrath simulacrum (Zot:4)
  11 swamp drakes
  An ice beast (D:6)
  38 orc warriors
  An ettin simulacrum (Coc:5)
  8 ogres
  A black bear (D:6)
  11 centaurs
  6 wolves
  4 phantoms
  A lindwurm skeleton (Crypt:1)
  8 kobold brigands
  7 bullfrogs
  2 gnoll sergeants
  4 necrophages (Swamp:3)
  6 earth elementals
  3 glowing shapeshifter simulacra (Depths:2)
  3 naga simulacra
  2 scorpions
  11 wights
  3 lindwurm simulacra (IceCv)
  5 small abominations
  11 killer bees
  A raiju skeleton (Crypt:1)
  7 electric eels
  5 howler monkeys
  A wolf zombie (Crypt:2)
  8 crimson imps (Pan)
  2 hounds (D:6)
  5 jellies
  8 komodo dragon simulacra (IceCv)
  A gnoll bouda (Orc:2)
  12 orc priests
  An iron imp (Abyss:3)
  2 sleepcaps
  Jessica (D:2)
  6 iguanas
  19 orc wizards
  63 mummies
  9 adders
  17 gnolls
  4 river rats (Sewer)
  A swamp drake skeleton (Crypt:1)
  3 acid dragon simulacra (IceCv)
  2 shadow imps
  3 white imps
  7 steam dragon simulacra (IceCv)
  An ufetubus (D:5)
  7 worms
  A dart slug (D:2)
  88 orcs
  8 endoplasms
  3 giant cockroaches
  7 goblins
  7 hobgoblins
  8 jackals
  4 quokkas
  13 ball pythons
  4 bats
  3 frilled lizards
  44 kobolds
  An orc zombie (Crypt:1)
  A quokka zombie (Crypt:2)
  21 rats
  3 creeping infernos
  6 fire vortices
  A lurking horror (Abyss:1)
  A spectral weapon (Swamp:4)
  3 tentacles (Swamp:1)
4727 creatures vanquished.

Vanquished Creatures (collateral kills)
  A profane servitor (Tar:7)
  2 bone dragons (Tar:7)
  A Tzitzimitl (Tar:7)
  An Executioner (Pan)
  A deep elf annihilator (Elf:3)
  2 tormentors (Pan)
  A neqoxec (Pan)
9 creatures vanquished.

Vanquished Creatures (others)
  A Killer Klown (Zot:5)
  A doom hound (Tar:4)
  2 death cobs (Zot:3)
  3 eldritch tentacles
  A fire giant (Vaults:5)
  A balrug (Pan)
  A shard shrike simulacrum (Coc:3)
  A reaper (Pan)
  An elemental wellspring (Coc:5)
  A mummy priest (Tomb:3)
  2 green deaths (Pan)
  2 rakshasas (Pan)
  A hell beast (Pan)
  An alligator (Swamp:2)
  A tengu warrior (D:13)
  2 hell hogs (Geh:1)
  A soul eater (Zig:7)
  3 deep elf knights
  3 wizards
  A harpy (Zig:17)
  A deep elf pyromancer (Elf:1)
  An orc knight (Elf:1)
  A manticore (Zig:17)
  A rime drake (IceCv)
  A freezing wraith (Coc:3)
  A tormentor (Pan)
  An anaconda simulacrum (Coc:5)
  A red devil (Pan)
  A merfolk (Zig:17)
  A bloated husk (Swamp:1)
  2 iron dragon simulacra (Coc:5)
  2 stone giant simulacra
  A dire elephant simulacrum (Coc:3)
  2 harpy simulacra
  An orc warrior (Bailey)
  3 orcs
  6 ball lightnings (Pan)
  2 creeping infernos
  26 foxfires
  8 starspawn tentacles
  5 tentacles (Swamp:1)
98 creatures vanquished.

Grand Total: 4834 creatures vanquished

Notes
Turn   | Place    | Note
-------+----------+-------------------------------------------
     0 | D:1      | ouz the Vine Stalker Gladiator began the quest for the Orb.
     0 | D:1      | Reached XP level 1. HP: 11/11 MP: 2/2
   166 | D:1      | Reached XP level 2. HP: 15/15 MP: 3/3
   696 | D:2      | Reached XP level 3. HP: 16/18 MP: 4/4
   818 | D:2      | Noticed Sigmund
   862 | D:2      | Noticed Jessica
   872 | D:2      | Killed Jessica
   873 | D:2      | Reached skill level 1 in Stealth
   873 | D:2      | Reached XP level 4. HP: 20/23 MP: 2/5
  1117 | D:2      | Killed Sigmund
  1118 | D:2      | Reached skill level 1 in Shields
  1118 | D:2      | Reached XP level 5. HP: 28/28 MP: 6/6
  1118 | D:2      | Reached XP level 6. HP: 32/32 MP: 7/7
  1744 | D:3      | Noticed Grinder
  1748 | D:3      | Paralysed by Grinder for 3 turns
  1755 | D:3      | Killed Grinder
  1756 | D:3      | Reached XP level 7. HP: 37/37 MP: 5/8
  2015 | D:4      | Identified the +3 whip "Ranice" {antimagic, Will++ Dex+4}
  2124 | D:4      | Found a staircase to the Ecumenical Temple.
  2163 | Temple   | Entered the Ecumenical Temple
  2184 | Temple   | Became a worshipper of the Wu Jian Council
  3119 | D:5      | Entered Level 5 of the Dungeon
  3146 | D:5      | Reached skill level 5 in Short Blades
  3433 | D:5      | Gained mutation: You have razor-sharp teeth. [Vine Stalker
                  | growth]
  3433 | D:5      | Reached XP level 8. HP: 41/42 MP: 9/9
  3450 | D:5      | Found a runed translucent door.
  3633 | D:5      | Reached * piety under Wu Jian
  3663 | D:5      | Identified the +2 pair of boots "Joixipta" {*Slow rF-
                  | Regen+ Stlth+}
  3776 | D:5      | Found a white marble altar of Elyvilon.
  3776 | D:5      | Found a faded altar of an unknown god.
  3783 | D:5      | Found a shimmering altar of Xom.
  3785 | D:5      | Found a hide-covered altar of Uskayaw.
  3787 | D:5      | Found a faded altar of an unknown god.
  3840 | D:5      | Reached skill level 5 in Fighting
  4277 | D:5      | Noticed Beaer's ghost (novice DsFi)
  4407 | D:6      | Reached skill level 5 in Stealth
  4593 | D:6      | Reached XP level 9. HP: 48/48 MP: 10/10
  4762 | D:6      | Reached ** piety under Wu Jian
  4914 | D:6      | Found a glowing drain.
  4918 | Sewer    | Entered a sewer
  5118 | Sewer    | Reached *** piety under Wu Jian
  5351 | Sewer    | Identified a scroll of acquirement
  5352 | Sewer    | Acquired a +2 cloak of poison resistance
  5521 | D:6      | Got Sif Muna's Enchiridion on Scree and Contaminants
  5720 | D:7      | Found a blossoming altar of Fedhas.
  5724 | D:7      | Found a stormy altar of Qazlal.
  6038 | D:7      | Found a glowing golden altar of the Shining One.
  6131 | D:7      | Found a shimmering blue altar of Sif Muna.
  6202 | D:7      | Found a glowing silver altar of Zin.
  6415 | D:8      | Reached **** piety under Wu Jian
  6416 | D:8      | Reached skill level 5 in Dodging
  6496 | D:8      | Found a flagged portal.
  6507 | Bailey   | Entered a bailey
  6549 | Bailey   | Reached XP level 10. HP: 45/53 MP: 9/11
  7205 | D:8      | Reached ***** piety under Wu Jian
  7225 | D:8      | Reached skill level 5 in Shields
  7688 | D:9      | Found a staircase to the Lair.
  7956 | D:9      | Found Opsael's Mass Market.
  8033 | D:9      | Found a runed translucent door.
  8039 | D:9      | Noticed niknal's ghost (journeyman TrWr)
  8657 | D:9      | Killed niknal's ghost
  8658 | D:9      | Reached XP level 11. HP: 58/60 MP: 12/12
  8686 | D:10     | Entered Level 10 of the Dungeon
  8764 | D:10     | Noticed a brown ugly thing
  8838 | D:10     | Killed a brown ugly thing
  8872 | D:10     | Noticed a centaur warrior
  8873 | D:10     | Noticed a centaur warrior
  8873 | D:10     | Found the -2 hat of the Alchemist {rElec rPois rF+ rC+ rN+
                  | Will+ rMut rCorr}
  8882 | D:10     | Killed a centaur warrior
  8887 | D:10     | Killed a centaur warrior
  8911 | D:10     | Identified the staff of Incongruity {Dex+2 Conj}
  8922 | D:10     | Noticed a cyclops
  8925 | D:10     | Killed a cyclops
  8926 | D:10     | Noticed a two-headed ogre
  8939 | D:10     | Killed a two-headed ogre
  9136 | D:10     | Reached XP level 12. HP: 67/67 MP: 13/13
  9397 | D:10     | Noticed Psyche
  9403 | D:10     | Killed Psyche
  9552 | D:10     | Reached skill level 10 in Short Blades
  9680 | D:10     | Noticed Erica
  9681 | D:10     | Noticed a deep elf knight
  9685 | D:10     | Killed a deep elf knight
  9694 | D:10     | Killed Erica
  9711 | D:10     | Reached skill level 10 in Fighting
 10013 | Lair:1   | Entered Level 1 of the Lair of Beasts
 10046 | Lair:1   | Reached skill level 10 in Stealth
 10463 | Lair:1   | Noticed a catoblepas
 10479 | Lair:1   | Killed a catoblepas
 10705 | Lair:1   | Acquired the +2 pair of gloves of Tucepnil {Will+ Str+2}
 10786 | Lair:1   | Got the Quarto of the Plateau
 11060 | Lair:2   | Reached skill level 1 in Armour
 11136 | Lair:2   | Found a staircase to the Snake Pit.
 11142 | Lair:2   | Reached XP level 13. HP: 72/72 MP: 14/14
 11504 | Lair:2   | Found a staircase to the Swamp.
 11578 | Lair:2   | Reached ****** piety under Wu Jian
 11617 | Lair:2   | Got the Teachings on Creative Striking
 11618 | Lair:2   | Found a frozen archway.
 11656 | IceCv    | Entered an ice cave
 11828 | IceCv    | Noticed a white draconian
 11857 | IceCv    | Killed a white draconian
 12773 | Lair:3   | Reached skill level 10 in Shields
 13134 | Lair:3   | Reached XP level 14. HP: 79/79 MP: 15/15
 13719 | Lair:4   | Found a viscous altar of Jiyva.
 13720 | Lair:4   | Found a staircase to the Slime Pits.
 13798 | Lair:4   | Noticed Rupert
 13816 | Lair:4   | Killed Rupert
 14191 | Lair:5   | Entered Level 5 of the Lair of Beasts
 14292 | Lair:5   | Found a sacrificial altar of Ru.
 14559 | Lair:5   | Found a runed translucent door.
 14820 | Lair:5   | Acquired the +6 scale mail of Efikeq {Regen+ Dex+5}
 14836 | Lair:5   | Acquired a manual of Short Blades
 15172 | Lair:5   | Reached XP level 15. HP: 85/85 MP: 16/16
 16063 | D:11     | Found Yrphouto's Armour Shop.
 16066 | D:11     | Found a staircase to the Orcish Mines.
 16080 | D:11     | Found Irghiudupt's Weapon Shop.
 16466 | D:12     | Reached skill level 5 in Armour
 16747 | D:12     | Reached skill level 1 in Spellcasting
 17552 | D:13     | Identified the +4 battleaxe "Facvumech" {freeze, Int+5}
 17552 | D:13     | Noticed a frost giant
 17569 | D:13     | Killed a frost giant
 18140 | D:14     | Noticed Frances
 18165 | D:14     | Killed Frances
 18353 | D:14     | Found the +5 scythe "Finisher" {speed, execute}
 18672 | D:14     | Found a gate to the Vaults.
 18901 | D:14     | Noticed Jorgrun
 18903 | D:14     | Killed Jorgrun
 19049 | D:14     | Found a glowing golden altar of the Shining One.
 19049 | D:14     | Found a glowing silver altar of Zin.
 19049 | D:14     | Found a white marble altar of Elyvilon.
 19289 | D:15     | Entered Level 15 of the Dungeon
 19500 | D:15     | Found a broken altar of Ashenzari.
 19647 | D:15     | Found a staircase to the Depths.
 19656 | D:15     | Reached XP level 16. HP: 88/91 MP: 18/21
 19881 | Orc:1    | Entered Level 1 of the Orcish Mines
 20098 | Orc:2    | Entered Level 2 of the Orcish Mines
 20098 | Orc:2    | Found Voraon's Antique Weapon Shoppe.
 20116 | Orc:2    | Gained mutation: You expend magic power (3 MP) to
                  | strengthen your wands. [a neqoxec]
 20226 | Orc:2    | Found Ytikhluo's Antique Armour Shop.
 20237 | Orc:2    | Bought a runed tower shield for 195 gold pieces
 20317 | Orc:2    | Found Xusen's General Store.
 20323 | Orc:2    | Reached skill level 15 in Short Blades
 20372 | Orc:2    | Found a staircase to the Elven Halls.
 20374 | Orc:2    | Found Kuaden's Jewellery Emporium.
 21176 | Elf:1    | Entered Level 1 of the Elven Halls
 21522 | Elf:1    | Reached skill level 5 in Spellcasting
 21524 | Elf:1    | Reached skill level 10 in Dodging
 21524 | Elf:1    | Reached XP level 17. HP: 87/98 MP: 25/25
 21805 | Elf:1    | Found Eschastar's Assorted Antiques.
 22127 | Elf:1    | Found a runed translucent gate.
 22127 | Elf:1    | Found a runed translucent gate.
 22127 | Elf:1    | Found a runed translucent gate.
 22127 | Elf:1    | Found a runed translucent gate.
 22127 | Elf:1    | Found a runed translucent gate.
 22128 | Elf:1    | Found a runed translucent gate.
 22572 | Swamp:1  | Entered Level 1 of the Swamp
 22873 | Swamp:1  | Noticed a kraken
 22900 | Swamp:1  | Killed a kraken
 23265 | Swamp:1  | Acquired a manual of Stealth
 23267 | Swamp:1  | Acquired the +0 pair of gloves of Gaimenua {Rampage Will+
                  | Slay+2}
 23279 | Swamp:1  | Acquired a manual of Shields
 23663 | Swamp:2  | Reached skill level 15 in Fighting
 23670 | Swamp:2  | Identified the +0 pair of boots of Tourriuc {SInv Stlth+}
 24104 | Swamp:3  | Reached skill level 15 in Stealth
 24477 | Swamp:3  | Identified the +3 rapier of Xuitteig {freeze, +Blink rElec
                  | Int+2}
 24703 | Swamp:4  | Entered Level 4 of the Swamp
 24749 | Swamp:4  | Noticed Bai Suzhen
 24758 | Swamp:4  | Noticed the 27-headed Lernaean hydra
 24768 | Swamp:4  | Reached XP level 18. HP: 104/104 MP: 26/28
 24776 | Swamp:4  | Killed the 27-headed Lernaean hydra
 24809 | Swamp:4  | Killed Bai Suzhen
 24869 | Swamp:4  | Got a decaying rune of Zot
 25629 | Snake:1  | Entered Level 1 of the Snake Pit
 25865 | Snake:1  | Noticed Kirke
 25878 | Snake:1  | Killed Kirke
 25891 | Snake:1  | Identified the +1 buckler of Lusuckuh {rN+ Regen+ Int+3}
 26698 | Snake:2  | Noticed Louise
 26700 | Snake:2  | Noticed Aizul
 26741 | Snake:2  | Killed Aizul
 26762 | Snake:2  | Killed Louise
 26784 | Snake:2  | Reached skill level 15 in Shields
 26856 | Snake:2  | Reached XP level 19. HP: 92/109 MP: 32/32
 27051 | Snake:2  | Found Lite's Armour Shop.
 27163 | Snake:2  | Noticed Asterion
 27168 | Snake:2  | Killed Asterion
 27237 | Snake:2  | Noticed Vashnia
 27270 | Snake:2  | Killed Vashnia
 28293 | Snake:4  | Entered Level 4 of the Snake Pit
 28614 | Snake:4  | Got a serpentine rune of Zot
 28940 | Snake:4  | Found a large runed translucent door.
 28940 | Snake:4  | Found a large runed translucent door.
 28941 | Snake:4  | Noticed ceneti's ghost (adept MiFi)
 29525 | Elf:2    | Found the +7 captain's cutlass {speed, disarm}
 29544 | Elf:2    | Noticed a Hell Sentinel
 29558 | Elf:2    | Got the Incunabulum of Dhcmrlchtdj
 29565 | Elf:2    | Learned a level 5 spell: Freezing Cloud
 29568 | Elf:2    | Learned a level 2 spell: Wereblood
 29575 | Elf:2    | Got the Codex of Axaxaxas mlö
 29696 | Elf:2    | Reached skill level 1 in Transmutations
 29769 | Elf:2    | Found a runed translucent gate.
 29769 | Elf:2    | Found a runed translucent gate.
 29769 | Elf:2    | Found a runed translucent gate.
 29833 | Elf:2    | Reached XP level 20. HP: 115/117 MP: 32/34
 29903 | Elf:2    | Reached skill level 10 in Spellcasting
 30194 | Elf:3    | Entered Level 3 of the Elven Halls
 30396 | Elf:3    | Noticed Roxanne
 30520 | Elf:3    | Killed Roxanne
 30521 | Elf:3    | Reached skill level 5 in Transmutations
 30572 | Elf:3    | Identified the +0 scale mail of the Demon Prince {rF- rC-
                  | rN+++ rCorr}
 31106 | Elf:3    | Identified the ring "Plog" {Wiz rN+}
 31205 | Elf:3    | Found the +8 Vampire's Tooth {megavamp}
 31215 | Elf:3    | Identified the +1 war axe of the Sheltering Fulmar
                  | {antimagic, rF+ Int+3}
 31262 | Elf:3    | Found the +9 scales of the Dragon King {rPois rF+ rC+
                  | Will+}
 31278 | Elf:3    | Got the Incunabulum of the Guilds
 31430 | Elf:3    | Identified the +8 war axe of Zuareun {drain, Will+ Str-4
                  | Dex+3}
 31460 | Elf:3    | Identified the +5 plate armour of the Furrier {rCorr}
 32086 | Vaults:1 | Entered Level 1 of the Vaults
 32132 | Vaults:1 | Found a huge runed gate.
 32132 | Vaults:1 | Found a huge runed gate.
 32132 | Vaults:1 | Found a huge runed gate.
 32138 | Vaults:1 | Found a huge runed gate.
 32138 | Vaults:1 | Found a huge runed gate.
 32138 | Vaults:1 | Found a huge runed gate.
 32138 | Vaults:1 | Found a huge runed gate.
 32138 | Vaults:1 | Found a huge runed gate.
 32139 | Vaults:1 | Found a huge runed gate.
 32139 | Vaults:1 | Found a huge runed gate.
 32145 | Vaults:1 | Found a huge runed gate.
 32145 | Vaults:1 | Found a huge runed gate.
 32145 | Vaults:1 | Found a huge runed gate.
 32145 | Vaults:1 | Found a huge runed gate.
 32145 | Vaults:1 | Found a huge runed gate.
 32145 | Vaults:1 | Found a huge runed gate.
 32146 | Vaults:1 | Found a huge runed gate.
 32147 | Vaults:1 | Found a huge runed gate.
 32148 | Vaults:1 | Found a huge runed gate.
 32157 | Vaults:1 | Found a huge runed gate.
 32157 | Vaults:1 | Found a huge runed gate.
 32157 | Vaults:1 | Found a huge runed gate.
 32157 | Vaults:1 | Found a huge runed gate.
 32157 | Vaults:1 | Found a huge runed gate.
 32157 | Vaults:1 | Found a huge runed gate.
 32158 | Vaults:1 | Found a huge runed gate.
 32167 | Vaults:1 | Found Dywk's Weapon Shoppe.
 32317 | Vaults:1 | Identified the +3 chain mail of Feasting {rPois rN++ Str+4}
 32331 | Vaults:1 | Found Ilad's Antique Armour Boutique.
 32425 | Vaults:1 | Found Jyevop's General Store.
 32431 | Vaults:1 | Bought a scroll of enchant armour for 135 gold pieces
 32431 | Vaults:1 | Bought a potion of might for 72 gold pieces
 32505 | Vaults:1 | Reached XP level 21. HP: 121/121 MP: 38/38
 32646 | Vaults:1 | Found a huge runed gate.
 32646 | Vaults:1 | Found a huge runed gate.
 32646 | Vaults:1 | Found a huge runed gate.
 32646 | Vaults:1 | Found a huge runed gate.
 32646 | Vaults:1 | Found a huge runed gate.
 32646 | Vaults:1 | Found a huge runed gate.
 32647 | Vaults:1 | Found a huge runed gate.
 32648 | Vaults:1 | Found a huge runed gate.
 32649 | Vaults:1 | Found a huge runed gate.
 32657 | Vaults:1 | Found a huge runed gate.
 33057 | Vaults:1 | Found the +2 hood of the Assassin {Detect Stab+ Stlth++}
 33546 | Vaults:2 | Reached skill level 10 in Armour
 33724 | Vaults:2 | Found Ahuafoli's Book Boutique.
 34703 | Vaults:3 | You fall into a shaft and drop 1 floor!
 34715 | Vaults:4 | Reached XP level 22. HP: 128/128 MP: 40/40
 35438 | Vaults:3 | Found a staircase to the Crypt.
 35732 | Vaults:3 | Identified the +5 war axe of Causality {heavy, rC+ Str+3
                  | Int-4}
 35806 | Vaults:3 | Lost mutation: You expend magic power (3 MP) to strengthen
                  | your wands. [potion of mutation]
 35806 | Vaults:3 | Gained mutation: You are partially covered in iridescent
                  | scales. (AC +2) [potion of mutation]
 35806 | Vaults:3 | Gained mutation: You have a pair of small antennae on your
                  | head. [potion of mutation]
 35807 | Vaults:3 | Lost mutation: You are partially covered in iridescent
                  | scales. (AC +2) [potion of mutation]
 35807 | Vaults:3 | Lost mutation: You have a pair of small antennae on your
                  | head. [potion of mutation]
 35807 | Vaults:3 | Gained mutation: You heal very quickly. [potion of
                  | mutation]
 35807 | Vaults:3 | Gained mutation: Your mind is acute. (Int +4, Str/Dex -1)
                  | [potion of mutation]
 35807 | Vaults:3 | Gained mutation: You are partially covered in iridescent
                  | scales. (AC +2) [potion of mutation]
 35808 | Vaults:3 | Lost mutation: You heal very quickly. [potion of mutation]
 35808 | Vaults:3 | Lost mutation: Your mind is acute. (Int +4, Str/Dex -1)
                  | [potion of mutation]
 35808 | Vaults:3 | Lost mutation: You are partially covered in iridescent
                  | scales. (AC +2) [potion of mutation]
 35808 | Vaults:3 | Gained mutation: Your body sometimes deteriorates upon
                  | taking damage. [potion of mutation]
 35808 | Vaults:3 | Gained mutation: You expend magic power (3 MP) to
                  | strengthen your wands. [potion of mutation]
 35809 | Vaults:3 | Lost mutation: You expend magic power (3 MP) to strengthen
                  | your wands. [potion of mutation]
 35809 | Vaults:3 | Lost mutation: Your body sometimes deteriorates upon taking
                  | damage. [potion of mutation]
 35809 | Vaults:3 | Gained mutation: You possess an exceptional clarity of
                  | mind. [potion of mutation]
 35809 | Vaults:3 | Gained mutation: Your skin changes colour to match your
                  | surroundings (Stealth+). [potion of mutation]
 35809 | Vaults:3 | Gained mutation: You have hidden genetic potential. [potion
                  | of mutation]
 36309 | Vaults:5 | Entered Level 5 of the Vaults
 36312 | Vaults:5 | Noticed an ancient lich
 36318 | Vaults:5 | Killed an ancient lich
 36332 | Vaults:5 | Noticed a dread lich
 36337 | Vaults:5 | Killed a dread lich
 36343 | Vaults:5 | Noticed an ancient lich
 36349 | Vaults:5 | Killed an ancient lich
 36433 | Vaults:5 | Reached XP level 23. HP: 133/133 MP: 42/42
 36519 | Vaults:5 | Noticed Mara
 36524 | Vaults:5 | Noticed ouz's illusion
 36533 | Vaults:5 | Killed Mara
 36568 | Vaults:5 | Identified the +6 spear of Bozow {holy, rN+ Int+3}
 36587 | Vaults:5 | Identified the +0 ring mail of Geaboq {Harm}
 36610 | Vaults:5 | Identified the +6 quarterstaff "Goigar" {drain, Int+5}
 36968 | Vaults:5 | Identified the +2 helmet of the Guilds {rC+ Int+3}
 37058 | Vaults:5 | Got a silver rune of Zot
 37078 | Vaults:5 | Noticed a dread lich
 37097 | Vaults:5 | Killed a dread lich
 37348 | Vaults:5 | Identified the +2 robe "Hosus" {*Corrode rElec Will-
                  | Regen+}
 37806 | Depths:1 | Entered Level 1 of the Depths
 38251 | Depths:1 | Reached skill level 15 in Spellcasting
 38369 | Depths:1 | Reached XP level 24. HP: 139/139 MP: 43/43
 38700 | Depths:1 | Found a gateway to Hell.
 39500 | Depths:2 | Noticed a dread lich
 39501 | Depths:2 | Killed a dread lich
 39969 | Depths:2 | Found a one-way gate leading to the halls of Pandemonium.
 40222 | Depths:2 | Paralysed by a floating eye for 3 turns
 40256 | Depths:2 | Found a one-way gateway to a ziggurat.
 40289 | Depths:2 | Reached XP level 25. HP: 145/145 MP: 37/45
 40695 | Depths:3 | Reached XP level 26. HP: 144/151 MP: 45/45
 40798 | Depths:3 | Identified the +7 plate armour "Tanedat" {rPois}
 40945 | Depths:3 | Noticed Norris
 40964 | Depths:3 | Killed Norris
 41012 | Depths:3 | Found a runed translucent gate.
 41013 | Depths:3 | Found a runed translucent gate.
 41013 | Depths:3 | Found a runed translucent gate.
 41274 | Depths:3 | Found a corrupted altar of Lugonu.
 41275 | Depths:3 | Found a one-way gate to the infinite horrors of the Abyss.
 41699 | Depths:4 | Entered Level 4 of the Depths
 41740 | Depths:4 | Found a gate to the Realm of Zot.
 41897 | Depths:4 | Gained mutation: You are robust. (+10% HP) [hidden
                  | potential]
 41913 | Depths:4 | Noticed Jory
 41925 | Depths:4 | Killed Jory
 42065 | Depths:4 | Reached skill level 15 in Dodging
 42374 | Depths:4 | Found a hazy altar of Hepliaklqana.
 43033 | Crypt:1  | Entered Level 1 of the Crypt
 43533 | Crypt:1  | Noticed Xtahua
 43546 | Crypt:1  | Killed Xtahua
 44928 | Crypt:3  | Entered Level 3 of the Crypt
 45407 | Crypt:3  | Identified the ring "Cyol" {rC++ rN+ Int+3}
 45407 | Crypt:3  | Identified the ring "Awalul" {rF+ rN+ Will++ MP-9 Dex+3}
 45407 | Crypt:3  | Identified the ring of Suigiwiz {rF+ rC+ rN+ Int+3}
 45437 | Crypt:3  | Found a staircase to the Tomb.
 45535 | Crypt:3  | Got the Spellbook of Ectoplasm
 45660 | Crypt:3  | Reached XP level 27. HP: 173/173 MP: 46/46
 45867 | Crypt:3  | Found an ancient bone altar of Kikubaaqudgha.
 46663 | Slime:1  | Entered Level 1 of the Pits of Slime
 46718 | Slime:5  | Entered Level 5 of the Pits of Slime
 46771 | Slime:5  | Noticed the Royal Jelly
 46815 | Slime:5  | Killed the Royal Jelly
 46848 | Slime:5  | Found the +10 dark maul {heavy}
 46888 | Slime:5  | Identified the +0 pair of boots of Spaghetti {Will+}
 46904 | Slime:5  | Got a slimy rune of Zot
 46924 | Slime:5  | Identified the ring of the Mutiny {rF+ EV+5 Str+2 Int+2}
 46932 | Slime:5  | Identified the +2 rapier of Honour {heavy, Int+3}
 46940 | Slime:5  | Identified the +10 hand axe "Grim Tooth" {venom, Dex+2}
 46948 | Slime:5  | Identified the +1 shortbow "Aghaesit" {heavy, rPois rC-
                  | rN+}
 46960 | Slime:5  | Identified the staff "Pafean" {rC+ MP+9 Str-4 Dex+3 Ice}
 46992 | Slime:5  | Identified the +8 scimitar "Ceshoveg" {freeze, Int+4}
 47203 | Slime:5  | Acquired the amulet of Boulle {Acrobat Drain +Blink rElec
                  | rF+}
 47215 | Slime:5  | Acquired 918 gold pieces
 47999 | Pan      | Entered Pandemonium
 48082 | Pan      | Identified the amulet "Xumau" {rF+ rC+ Regen+ Str+2}
 48153 | Pan      | Identified the ring of the Rescuing Hero {+Blink Dex+6}
 48197 | Pan      | Noticed Gudaigh the pandemonium lord
 48209 | Pan      | Killed Gudaigh the pandemonium lord
 48358 | Pan      | Identified the +0 leather armour "Doseping" {rN+ Str+3}
 48396 | Pan      | Noticed Ignacio
 48411 | Pan      | Killed Ignacio
 48514 | Pan      | Noticed Imesokuc the pandemonium lord
 48606 | Pan      | Killed Imesokuc the pandemonium lord
 48646 | Pan      | Identified the +5 morningstar of the Present {spect, Fly
                  | Int-2 Dex+7}
 49451 | Pan      | Gained mutation: You are dopey. (Int -2) [a neqoxec]
 49516 | Pan      | Noticed Git Cauth the pandemonium lord
 49533 | Pan      | Found a runed translucent door.
 49536 | Pan      | Killed Git Cauth the pandemonium lord
 49565 | Pan      | Got a demonic rune of Zot
 49788 | Pan      | Noticed a dread lich
 49808 | Pan      | Killed a dread lich
 49809 | Pan      | Found an opulent altar of Gozag.
 49811 | Pan      | Found Hicyzona's Fine Accessories.
 49814 | Pan      | Found an opulent altar of Gozag.
 49847 | Pan      | Found Hicyzona's Jewellery Shoppe.
 49891 | Pan      | Noticed Hicyzona the pandemonium lord
 49945 | Pan      | Identified the +1 robe of Gozag's Anger {rPois}
 49972 | Pan      | Found an opulent altar of Gozag.
 49995 | Pan      | Found Hicyzona's Book Shoppe.
 50017 | Pan      | Found Hicyzona's Rarities Hoard.
 50017 | Pan      | Killed Hicyzona the pandemonium lord
 50056 | Pan      | Bought a talisman of death for 1591 gold pieces
 50089 | Pan      | Bought the +0 pair of gloves "Nadiovu" {Slay+5} for 422
                  | gold pieces
 50230 | Pan      | Reached skill level 1 in Shapeshifting
 50955 | Pan      | Reached skill level 5 in Shapeshifting
 51210 | Pan      | Noticed Siuru the pandemonium lord
 51223 | Pan      | Killed Siuru the pandemonium lord
 51678 | Pan      | Noticed Sulig the pandemonium lord
 51680 | Pan      | Killed Sulig the pandemonium lord
 51832 | Pan      | Found an exit through the horrors of the Abyss.
 51936 | Pan      | Gained mutation: Your body sometimes deteriorates upon
                  | taking damage. [a cacodemon]
 52063 | Pan      | Reached skill level 10 in Shapeshifting
 52783 | Pan      | Noticed Yqofurche the pandemonium lord
 52810 | Pan      | Killed Yqofurche the pandemonium lord
 52908 | Pan      | Found an exit through the horrors of the Abyss.
 53722 | Pan      | Identified the +3 leather armour of Gyaqaviz {rPois rN+
                  | Regen+ Int-4}
 53796 | Pan      | Paralysed by accursed screaming for 1 turns
 54344 | Pan      | Noticed Aliekh the pandemonium lord
 54363 | Pan      | Killed Aliekh the pandemonium lord
 54621 | Pan      | Reached skill level 15 in Shapeshifting
 54729 | Pan      | Noticed Meapuew the pandemonium lord
 54736 | Pan      | Killed Meapuew the pandemonium lord
 55419 | Pan      | Noticed Zuudum the pandemonium lord
 55436 | Pan      | Killed Zuudum the pandemonium lord
 55462 | Pan      | Gained mutation: You are very dopey. (Int -4) [a neqoxec]
 55571 | Pan      | Identified the orb of Honour {*channel, rN++ Slay+2 Stlth+}
 55657 | Pan      | Identified the +4 scale mail of the Grim God {Regen+ Str+3
                  | Int-4}
 56164 | Pan      | Noticed Dasuahaf the pandemonium lord
 56185 | Pan      | Killed Dasuahaf the pandemonium lord
 56390 | Pan      | Found an exit through the horrors of the Abyss.
 57559 | Pan      | Noticed Teintua the pandemonium lord
 57580 | Pan      | Killed Teintua the pandemonium lord
 57835 | Pan      | Noticed Cagrit the pandemonium lord
 57844 | Pan      | Paralysed by a floating eye for 4 turns
 57855 | Pan      | Killed Cagrit the pandemonium lord
 58154 | Pan      | Found an exit through the horrors of the Abyss.
 59070 | Pan      | Identified the +10 whip of Ignis's Whim {drain, Int+6}
 59231 | Pan      | Found an exit through the horrors of the Abyss.
 59304 | Pan      | Noticed Goitin Ogao the pandemonium lord
 59423 | Pan      | Killed Goitin Ogao the pandemonium lord
 59630 | Pan      | Identified the +6 broad axe of Onomo {heavy, rPois rC+}
 59642 | Pan      | Got the Notes on Corpses and Phantasms
 59820 | Pan      | Noticed Mennas
 59842 | Pan      | Killed Mennas
 60181 | Pan      | Noticed Vemuz the pandemonium lord
 60193 | Pan      | Killed Vemuz the pandemonium lord
 61192 | Pan      | Found an exit through the horrors of the Abyss.
 61627 | Pan      | Noticed Lonao the pandemonium lord
 61634 | Pan      | Killed Lonao the pandemonium lord
 61847 | Pan      | Entered the realm of Mnoleg.
 61894 | Pan      | Lost intelligence.
 62135 | Pan      | Noticed Mnoleg
 62158 | Pan      | Paralysed by a floating eye for 4 turns
 62181 | Pan      | Killed Mnoleg
 62199 | Pan      | Got a glowing rune of Zot
 62755 | Pan      | Noticed Diap the pandemonium lord
 62810 | Pan      | Killed Diap the pandemonium lord
 62854 | Pan      | Entered the realm of Lom Lobon.
 63106 | Pan      | Noticed Lom Lobon
 63106 | Pan      | Lost intelligence.
 63125 | Pan      | Killed Lom Lobon
 63165 | Pan      | Got a magical rune of Zot
 63579 | Pan      | Found an exit through the horrors of the Abyss.
 63713 | Pan      | Noticed Hoacaewo the pandemonium lord
 63723 | Pan      | Lost intelligence.
 63743 | Pan      | Killed Hoacaewo the pandemonium lord
 63764 | Pan      | Identified the scarf of Ficaxk Getu {shadows, Dex+7}
 63816 | Pan      | Lost mutation: Your body sometimes deteriorates upon taking
                  | damage. [potion of mutation]
 63816 | Pan      | Lost mutation: You are very dopey. (Int -4) [potion of
                  | mutation]
 63816 | Pan      | Lost mutation: You are robust. (+10% HP) [potion of
                  | mutation]
 63816 | Pan      | Gained mutation: Your magical capacity is low. (-10% MP)
                  | [potion of mutation]
 64302 | Pan      | Found a transporter.
 64542 | Pan      | Found a transporter.
 64790 | Pan      | Identified the +5 plate armour of the Monk {rPois}
 64800 | Pan      | Identified the ring "Romielor" {Fly rC+ Str-4 Dex+3}
 64811 | Pan      | Identified the ring "Avou" {Wiz Str+4}
 65115 | Pan      | Noticed Wioxo the pandemonium lord
 65121 | Pan      | Killed Wioxo the pandemonium lord
 65143 | Pan      | Identified the ring of the Bedazzled God {Will+ Int+3}
 65200 | Depths:2 | Escaped Pandemonium
 65255 | Zig:1    | Entered Level 1 of a ziggurat
 65271 | Zig:2    | Entered Level 2 of a ziggurat
 65298 | Zig:3    | Entered Level 3 of a ziggurat
 65327 | Zig:3    | Identified the +1 robe of Light {Will+ Stlth+}
 65347 | Zig:4    | Entered Level 4 of a ziggurat
 65351 | Zig:4    | Found the dreamshard necklace {Acrobat *Dream}
 65413 | Zig:5    | Entered Level 5 of a ziggurat
 65456 | Zig:5    | Identified the +9 dagger "Uhyklip" {flame, rC+ Will+ Int+3
                  | Stlth+}
 65506 | Zig:6    | Entered Level 6 of a ziggurat
 65565 | Zig:7    | Entered Level 7 of a ziggurat
 65574 | Zig:7    | Found the +8 storm bow {elec, penet}
 65647 | Zig:8    | Entered Level 8 of a ziggurat
 65656 | Zig:8    | Noticed a royal mummy
 65656 | Zig:8    | Noticed a royal mummy
 65667 | Zig:8    | Killed a royal mummy
 65681 | Zig:8    | Killed a royal mummy
 65704 | Zig:9    | Entered Level 9 of a ziggurat
 65740 | Zig:9    | Identified the ring of Zumo {Will+ rCorr Str+3 Int+6
                  | Stlth+}
 65748 | Zig:10   | Entered Level 10 of a ziggurat
 65780 | Zig:10   | Identified the amulet "Ekum" {RegenMP *Corrode Regen+ SInv}
 65782 | Zig:10   | Identified the ring of Vuonicue {Will+ Dex+6 Stlth+}
 65787 | Zig:10   | Identified the ring "Suecwol" {Contam rF+ Int+6}
 65798 | Zig:11   | Entered Level 11 of a ziggurat
 65806 | Zig:11   | Noticed a royal mummy
 65808 | Zig:11   | Noticed a royal mummy
 65813 | Zig:11   | Noticed a royal mummy
 65813 | Zig:11   | Killed a royal mummy
 65815 | Zig:11   | Killed a royal mummy
 65842 | Zig:11   | Killed a royal mummy
 65851 | Zig:12   | Entered Level 12 of a ziggurat
 65891 | Zig:12   | Identified the +1 hand axe of Res Ipsa Loquitur {spect,
                  | Str+2 Int+2}
 65908 | Zig:12   | Identified the ring "Bumich" {rElec MP+9 EV+5 Int-4}
 65953 | Zig:12   | Identified the +0 ring mail of the Farmer {rF++ Regen+
                  | rCorr Dex-4}
 65964 | Zig:12   | Acquired a manual of Armour
 65966 | Zig:12   | Acquired 789 gold pieces
 65990 | Zig:13   | Entered Level 13 of a ziggurat
 66059 | Zig:13   | Identified the +5 ring mail of Whack-A-Mole {Str-4 Dex+4}
 66065 | Zig:14   | Entered Level 14 of a ziggurat
 66085 | Zig:14   | Reached skill level 27 in Fighting
 66182 | Zig:14   | Identified the +6 spear of the Invisible Quests {freeze,
                  | SInv}
 66187 | Zig:14   | Identified the +10 scimitar "Kiffupnyo" {freeze, rF- Dex+6}
 66197 | Zig:14   | Identified the +8 bardiche of the Crypt {pain, rN+}
 66212 | Zig:15   | Entered Level 15 of a ziggurat
 66270 | Zig:15   | Reached skill level 15 in Armour
 66283 | Zig:15   | Identified the -1 pair of gloves of Uniacwas {Harm Fly rC+}
 66313 | Zig:15   | Identified the +8 quarterstaff of the Lesser Evil {vamp,
                  | rC- Int+3 Dex+8}
 66337 | Zig:15   | Lost mutation: You have hidden genetic potential. [potion
                  | of mutation]
 66337 | Zig:15   | Lost mutation: You are dopey. (Int -2) [potion of mutation]
 66337 | Zig:15   | Lost mutation: You possess an exceptional clarity of mind.
                  | [potion of mutation]
 66337 | Zig:15   | Gained mutation: You are partially covered in iridescent
                  | scales. (AC +2) [potion of mutation]
 66337 | Zig:15   | Gained mutation: You are frail. (-10% HP) [potion of
                  | mutation]
 66338 | Zig:15   | Lost mutation: You are partially covered in iridescent
                  | scales. (AC +2) [potion of mutation]
 66338 | Zig:15   | Lost mutation: Your skin changes colour to match your
                  | surroundings (Stealth+). [potion of mutation]
 66338 | Zig:15   | Lost mutation: You are frail. (-10% HP) [potion of
                  | mutation]
 66338 | Zig:15   | Gained mutation: You are occasionally teleported next to
                  | monsters. [potion of mutation]
 66338 | Zig:15   | Gained mutation: Your muscles are strong. (Str +4, Int/Dex
                  | -1) [potion of mutation]
 66338 | Zig:15   | Gained mutation: You occasionally shout uncontrollably at
                  | your foes. [potion of mutation]
 66339 | Zig:15   | Lost mutation: You occasionally shout uncontrollably at
                  | your foes. [potion of mutation]
 66339 | Zig:15   | Lost mutation: Your muscles are strong. (Str +4, Int/Dex
                  | -1) [potion of mutation]
 66339 | Zig:15   | Gained mutation: You are agile. (Dex +4, Str/Int -1)
                  | [potion of mutation]
 66340 | Zig:15   | Lost mutation: Your magical capacity is low. (-10% MP)
                  | [potion of mutation]
 66340 | Zig:15   | Lost mutation: You are occasionally teleported next to
                  | monsters. [potion of mutation]
 66340 | Zig:15   | Lost mutation: You are agile. (Dex +4, Str/Int -1) [potion
                  | of mutation]
 66340 | Zig:15   | Gained mutation: You have sharp toenails. [potion of
                  | mutation]
 66340 | Zig:15   | Gained mutation: You possess an exceptional clarity of
                  | mind. [potion of mutation]
 66367 | Zig:16   | Entered Level 16 of a ziggurat
 66383 | Zig:16   | Noticed a royal mummy
 66384 | Zig:16   | Noticed a royal mummy
 66389 | Zig:16   | Noticed a royal mummy
 66413 | Zig:16   | Noticed a royal mummy
 66415 | Zig:16   | Killed a royal mummy
 66421 | Zig:16   | Killed a royal mummy
 66443 | Zig:16   | Killed a royal mummy
 66447 | Zig:16   | Killed a royal mummy
 66475 | Zig:16   | Identified the ring "Ruastri" {rC+ rN+}
 66527 | Zig:17   | Entered Level 17 of a ziggurat
 66658 | Zig:17   | Identified the +7 long sword of Coegerid {heavy, rPois
                  | Int+6}
 66673 | Zig:18   | Entered Level 18 of a ziggurat
 66692 | Zig:18   | Noticed Gishoal's ghost (legendary KoBr)
 66692 | Zig:18   | Noticed Ereufydu's ghost (legendary VSGl)
 66692 | Zig:18   | Noticed Diwoup's ghost (legendary TeAE)
 66692 | Zig:18   | Noticed Xentuelits's ghost (legendary DsGl)
 66693 | Zig:18   | Noticed Rauty's ghost (veteran MiFi)
 66694 | Zig:18   | Noticed UrugIsMale's ghost (legendary TrGl)
 66694 | Zig:18   | Noticed Gyofeun's ghost (legendary FoFi)
 66694 | Zig:18   | Noticed Xentuelits's ghost (legendary DsGl)
 66769 | Depths:2 | Killed Rauty's ghost
 66816 | Depths:2 | Upgraded the game from 0.31-a0-702-gf82c85558f to
                  | 0.31-a0-704-g1016066182
 67635 | Tomb:1   | Entered Level 1 of the Tomb of the Ancients
 67812 | Tomb:1   | Noticed a royal mummy
 67812 | Tomb:1   | Noticed a royal mummy
 67823 | Tomb:1   | Killed a royal mummy
 67825 | Tomb:1   | Killed a royal mummy
 68567 | Tomb:2   | Noticed a royal mummy
 68576 | Tomb:2   | Noticed a royal mummy
 68578 | Tomb:2   | Noticed a royal mummy
 68581 | Tomb:2   | Noticed a royal mummy
 68659 | Tomb:2   | Killed a royal mummy
 68672 | Tomb:2   | Killed a royal mummy
 68673 | Tomb:2   | Killed a royal mummy
 68674 | Tomb:2   | Killed a royal mummy
 69028 | Tomb:1   | Noticed a royal mummy
 69034 | Tomb:1   | Killed a royal mummy
 69044 | Tomb:1   | Noticed a royal mummy
 69049 | Tomb:1   | Killed a royal mummy
 69054 | Tomb:1   | Noticed a royal mummy
 69059 | Tomb:1   | Noticed a royal mummy
 69061 | Tomb:1   | Killed a royal mummy
 69065 | Tomb:1   | Noticed a royal mummy
 69069 | Tomb:1   | Killed a royal mummy
 69074 | Tomb:1   | Killed a royal mummy
 69081 | Tomb:1   | Noticed a royal mummy
 69087 | Tomb:1   | Noticed a royal mummy
 69096 | Tomb:1   | Killed a royal mummy
 69099 | Tomb:1   | Killed a royal mummy
 69121 | Tomb:1   | Noticed a royal mummy
 69126 | Tomb:1   | Noticed a royal mummy
 69133 | Tomb:1   | Killed a royal mummy
 69154 | Tomb:1   | Killed a royal mummy
 69156 | Tomb:1   | Noticed a royal mummy
 69168 | Tomb:1   | Killed a royal mummy
 69170 | Tomb:1   | Noticed a royal mummy
 69179 | Tomb:1   | Killed a royal mummy
 69200 | Tomb:1   | Noticed a royal mummy
 69203 | Tomb:1   | Noticed a royal mummy
 69215 | Tomb:1   | Noticed a royal mummy
 69215 | Tomb:1   | Killed a royal mummy
 69217 | Tomb:1   | Killed a royal mummy
 69224 | Tomb:1   | Noticed a royal mummy
 69225 | Tomb:1   | Killed a royal mummy
 69233 | Tomb:1   | Killed a royal mummy
 69243 | Tomb:1   | Noticed a royal mummy
 69246 | Tomb:1   | Noticed a royal mummy
 69246 | Tomb:1   | Noticed a royal mummy
 69247 | Tomb:1   | Killed a royal mummy
 69258 | Tomb:1   | Killed a royal mummy
 69260 | Tomb:1   | Noticed a royal mummy
 69261 | Tomb:1   | Killed a royal mummy
 69274 | Tomb:1   | Killed a royal mummy
 69291 | Tomb:1   | Noticed a royal mummy
 69301 | Tomb:1   | Killed a royal mummy
 69301 | Tomb:1   | Noticed a royal mummy
 69308 | Tomb:1   | Killed a royal mummy
 69317 | Tomb:1   | Noticed a royal mummy
 69328 | Tomb:1   | Killed a royal mummy
 69335 | Tomb:1   | Noticed a royal mummy
 69347 | Tomb:1   | Killed a royal mummy
 69432 | Tomb:3   | Entered Level 3 of the Tomb of the Ancients
 69489 | Tomb:3   | Noticed a royal mummy
 69492 | Tomb:3   | Noticed a royal mummy
 69495 | Tomb:3   | Noticed a royal mummy
 69499 | Tomb:3   | Killed a royal mummy
 69502 | Tomb:3   | Noticed a royal mummy
 69503 | Tomb:3   | Noticed a royal mummy
 69506 | Tomb:3   | Noticed a royal mummy
 69510 | Tomb:3   | Killed a royal mummy
 69511 | Tomb:3   | Noticed a royal mummy
 69518 | Tomb:3   | Noticed a royal mummy
 69523 | Tomb:3   | Killed a royal mummy
 69558 | Tomb:3   | Noticed a royal mummy
 69563 | Tomb:3   | Killed a royal mummy
 69570 | Tomb:3   | Killed a royal mummy
 69576 | Tomb:3   | Killed a royal mummy
 69582 | Tomb:3   | Found the ring of the Octopus King
 69629 | Tomb:3   | Killed a royal mummy
 69660 | Tomb:3   | Killed a royal mummy
 69682 | Tomb:3   | Killed a royal mummy
 69760 | Tomb:3   | Identified the ring of Suspicion {Fly rF++ MP+9 Stlth-}
 69794 | Tomb:3   | Got Ijyuholu's Lectures on Allied Hexes
 69795 | Tomb:3   | Identified a ring of the Octopus King {HP+2 MP+9 AC+2 EV+2
                  | SH+2}
 69904 | Tomb:3   | Identified the +11 falchion "Catsoix" {flame, Dex+3}
 70091 | Tomb:3   | Identified the +4 battleaxe of Popular Demand {antimagic,
                  | Fragile Dex+4}
 70096 | Tomb:3   | Identified the +9 war axe of Disaster {freeze, Int+6}
 70105 | Tomb:3   | Identified the staff "Doum" {*Slow Fly rC+ Int+3 Ice}
 70110 | Tomb:3   | Got Kikubaaqudgha's Compilation of Sinister Arts
 70114 | Tomb:3   | Got the Enchiridion on Evil Shaping
 70158 | Tomb:3   | Got a golden rune of Zot
 71238 | Depths:3 | Voluntarily entered the Abyss.
 71324 | Abyss:1  | Found a corrupted altar of Lugonu.
 71509 | Abyss:2  | Found a corrupted altar of Lugonu.
 71747 | Abyss:2  | Found a corrupted altar of Lugonu.
 71864 | Abyss:2  | Found a corrupted altar of Lugonu.
 72023 | Abyss:3  | Found a corrupted altar of Lugonu.
 72028 | Abyss:3  | Found a corrupted altar of Lugonu.
 72083 | Abyss:3  | Found a corrupted altar of Lugonu.
 72099 | Abyss:3  | Found a corrupted altar of Lugonu.
 72123 | Abyss:3  | Got an abyssal rune of Zot
 72140 | Depths:3 | Escaped the Abyss
 72218 | Hell     | Entered the Vestibule of Hell
 72218 | Hell     | Noticed Geryon
 72278 | Hell     | Noticed Murray
 72288 | Hell     | Killed Murray
 72346 | Hell     | Killed Geryon
 72419 | Hell     | Found a gateway to the Iron City of Dis.
 72431 | Dis:1    | Entered Level 1 of the Iron City of Dis
 72498 | Dis:2    | Noticed a dread lich
 72498 | Dis:2    | Noticed a dread lich
 72513 | Dis:2    | Killed a dread lich
 72516 | Dis:2    | Killed a dread lich
 72532 | Dis:2    | Noticed a dread lich
 72548 | Dis:2    | Killed a dread lich
 72651 | Dis:2    | Noticed a dread lich
 72672 | Dis:2    | Killed a dread lich
 72936 | Dis:4    | Noticed a dread lich
 72949 | Dis:4    | Killed a dread lich
 73285 | Dis:7    | Entered Level 7 of the Iron City of Dis
 73633 | Dis:7    | Noticed the Serpent of Hell
 73640 | Dis:7    | Killed the Serpent of Hell
 73709 | Dis:7    | Noticed Dispater
 73719 | Dis:7    | Noticed a juggernaut
 73730 | Dis:7    | Killed a juggernaut
 73742 | Dis:7    | Killed Dispater
 73756 | Dis:7    | Identified the +4 scale mail of Subjectivity {*Corrode rC+
                  | Str+3}
 73786 | Dis:7    | Got an iron rune of Zot
 74123 | Hell     | Upgraded the game from 0.31-a0-704-g1016066182 to
                  | 0.31-a0-726-g3c93526463
 74192 | Hell     | Found a gateway to the freezing wastes of Cocytus.
 74204 | Coc:1    | Entered Level 1 of Cocytus
 74254 | Coc:2    | Noticed a juggernaut
 74268 | Coc:2    | Killed a juggernaut
 74306 | Coc:2    | Noticed a juggernaut
 74323 | Coc:2    | Killed a juggernaut
 74771 | Coc:7    | Entered Level 7 of Cocytus
 74904 | Coc:7    | Noticed Antaeus
 74958 | Coc:7    | Killed Antaeus
 74972 | Coc:7    | Got the Guidebook on the Panacea and the Gang
 74976 | Coc:7    | Got an icy rune of Zot
 74979 | Coc:7    | Identified the amulet "Wodixom" {RegenMP Contam rPois Str-4
                  | Int+5}
 75137 | Hell     | Lost mutation: You possess an exceptional clarity of mind.
                  | [potion of mutation]
 75137 | Hell     | Lost mutation: You have sharp toenails. [potion of
                  | mutation]
 75137 | Hell     | Gained mutation: You are clumsy. (Dex -2) [potion of
                  | mutation]
 75138 | Hell     | Lost mutation: You are clumsy. (Dex -2) [potion of
                  | mutation]
 75138 | Hell     | Gained mutation: Your flesh is cold resistant. (rC+)
                  | [potion of mutation]
 75138 | Hell     | Gained mutation: You passively map a small area around you.
                  | [potion of mutation]
 75139 | Hell     | Lost mutation: You passively map a small area around you.
                  | [potion of mutation]
 75139 | Hell     | Lost mutation: Your flesh is cold resistant. (rC+) [potion
                  | of mutation]
 75139 | Hell     | Gained mutation: You are clumsy. (Dex -2) [potion of
                  | mutation]
 75139 | Hell     | Gained mutation: You are very clumsy. (Dex -4) [potion of
                  | mutation]
 75139 | Hell     | Gained mutation: You have hidden genetic potential. [potion
                  | of mutation]
 75140 | Hell     | Lost mutation: You have hidden genetic potential. [potion
                  | of mutation]
 75140 | Hell     | Lost mutation: You are very clumsy. (Dex -4) [potion of
                  | mutation]
 75140 | Hell     | Lost mutation: You are clumsy. (Dex -2) [potion of
                  | mutation]
 75140 | Hell     | Gained mutation: You have a somewhat thin skeletal
                  | structure. (Dex +2, Stealth+) [potion of mutation]
 75140 | Hell     | Gained mutation: Your skin changes colour to match your
                  | surroundings (Stealth+). [potion of mutation]
 75141 | Hell     | Lost mutation: You have a somewhat thin skeletal structure.
                  | (Dex +2, Stealth+) [potion of mutation]
 75141 | Hell     | Lost mutation: Your skin changes colour to match your
                  | surroundings (Stealth+). [potion of mutation]
 75141 | Hell     | Gained mutation: You are frail. (-10% HP) [potion of
                  | mutation]
 75141 | Hell     | Gained mutation: Your mind is acute. (Int +4, Str/Dex -1)
                  | [potion of mutation]
 75142 | Hell     | Lost mutation: You are frail. (-10% HP) [potion of
                  | mutation]
 75142 | Hell     | Lost mutation: Your mind is acute. (Int +4, Str/Dex -1)
                  | [potion of mutation]
 75142 | Hell     | Gained mutation: You expend magic power (3 MP) to
                  | strengthen your wands. [potion of mutation]
 75142 | Hell     | Gained mutation: Your body sometimes deteriorates upon
                  | taking damage. [potion of mutation]
 75142 | Hell     | Gained mutation: You have hidden genetic potential. [potion
                  | of mutation]
 75143 | Hell     | Lost mutation: You have hidden genetic potential. [potion
                  | of mutation]
 75143 | Hell     | Lost mutation: Your body sometimes deteriorates upon taking
                  | damage. [potion of mutation]
 75143 | Hell     | Gained mutation: You are agile. (Dex +4, Str/Int -1)
                  | [potion of mutation]
 75143 | Hell     | Gained mutation: Your spells are a little harder to cast,
                  | but a little more powerful. [potion of mutation]
 75143 | Hell     | Gained mutation: Your flesh is heat resistant. (rF+)
                  | [potion of mutation]
 75198 | Hell     | Found a gateway to the decaying netherworld of Tartarus.
 75205 | Tar:1    | Entered Level 1 of Tartarus
 75285 | Tar:2    | Found a runed translucent door.
 75457 | Tar:3    | Noticed a dread lich
 75458 | Tar:3    | Killed a dread lich
 75608 | Tar:7    | Entered Level 7 of Tartarus
 76598 | Tar:7    | Noticed Ereshkigal
 76649 | Tar:7    | Killed Ereshkigal
 76986 | Tar:7    | Got a bone rune of Zot
 77320 | Hell     | Found a gateway to the ashen valley of Gehenna.
 77328 | Geh:1    | Entered Level 1 of Gehenna
 78179 | Geh:6    | Reached skill level 27 in Shields
 78399 | Geh:6    | Noticed an ancient lich
 78399 | Geh:6    | Noticed a dread lich
 78401 | Geh:6    | Noticed an ancient lich
 78401 | Geh:6    | Noticed an ancient lich
 78402 | Geh:6    | Noticed a dread lich
 78403 | Geh:6    | Noticed a dread lich
 78420 | Geh:6    | Killed an ancient lich
 78428 | Geh:6    | Killed a dread lich
 78430 | Geh:6    | Killed an ancient lich
 78433 | Geh:6    | Killed a dread lich
 78450 | Geh:6    | Killed a dread lich
 78456 | Geh:6    | Killed an ancient lich
 78466 | Geh:7    | Entered Level 7 of Gehenna
 78767 | Geh:7    | Reached skill level 27 in Stealth
 78812 | Geh:7    | Identified the +0 pair of gloves of Ryupig {Int+2}
 78891 | Geh:7    | Found the +13 sceptre of Asmodeus
 78891 | Geh:7    | Noticed Asmodeus
 78903 | Geh:7    | Killed Asmodeus
 78912 | Geh:7    | Identified the +9 quick blade of the Curious Heavens
                  | {drain, rF+ rC+}
 78924 | Geh:7    | Identified the ring "Teiraoch" {rPois rCorr MP+9 Int-4
                  | Dex-5}
 78949 | Geh:7    | Got an obsidian rune of Zot
 79401 | Pan      | Entered the realm of Cerebov.
 79401 | Pan      | Entered Pandemonium
 79482 | Pan      | Identified the ring "Unuofupn" {EV+5 Str+4 Int+2 SInv}
 79615 | Pan      | Found the +6 sword of Cerebov {flame}
 79615 | Pan      | Noticed Cerebov
 79645 | Pan      | Killed Cerebov
 79731 | Pan      | Got a fiery rune of Zot
 79843 | Pan      | Identified the +10 chain mail "Detifref" {rPois rC+ Dex+2}
 80292 | Pan      | Entered the realm of Gloorx Vloq.
 80563 | Pan      | Found an exit through the horrors of the Abyss.
 80843 | Pan      | Noticed Gloorx Vloq
 80850 | Pan      | Killed Gloorx Vloq
 80879 | Pan      | Got a dark rune of Zot
 81139 | Pan      | Noticed Owohepur the pandemonium lord
 81143 | Pan      | Killed Owohepur the pandemonium lord
 81147 | Depths:2 | Escaped Pandemonium
 81240 | Zot:1    | Entered Level 1 of the Realm of Zot
 81761 | Zot:4    | Identified the ring of Truth {Ice rElec Dex-5 SInv}
 81761 | Zot:4    | Noticed Josephina
 81772 | Zot:4    | Killed Josephina
 81788 | Zot:5    | Entered Level 5 of the Realm of Zot
 81834 | Zot:5    | Noticed an orb of fire
 81856 | Zot:5    | Killed an orb of fire
 81910 | Zot:5    | Noticed an orb of fire
 81917 | Zot:5    | Killed an orb of fire
 81918 | Zot:5    | Noticed an orb of fire
 81923 | Zot:5    | Noticed a dread lich
 81923 | Zot:5    | Noticed a dread lich
 81924 | Zot:5    | Noticed an ancient lich
 81926 | Zot:5    | Noticed a dread lich
 81932 | Zot:5    | Noticed a dread lich
 81934 | Zot:5    | Killed an ancient lich
 81944 | Zot:5    | Killed an orb of fire
 81950 | Zot:5    | Killed a dread lich
 81954 | Zot:5    | Killed a dread lich
 81971 | Zot:5    | Killed a dread lich
 81974 | Zot:5    | Killed a dread lich
 82036 | Zot:5    | Got the Orb of Zot
 82038 | Zot:5    | Noticed an ancient lich
 82048 | Zot:5    | Killed an ancient lich
 82068 | Zot:4    | Noticed Xuakyl the pandemonium lord
 82313 | D:11     | Noticed a seraph
 82333 | D:11     | Killed a seraph
 82525 | D:$      | Escaped with the Orb!

Illustrated notes

Levels and vault maps discovered:
D:1:      matt_arrival_diagonals, layout_loops_ring
D:2:      layout_loops_ring, uniq_jessica, uniq_sigmund
D:3:      layout_rooms, uniq_grinder
D:4:      layout_layer_cave, minmay_temple_entry_trees
D:5:      layout_basic, chequers_temple_overflow_minitemple,
          ebering_ghost_reflecting_pool
D:6:      layout_basic, gup_sewer_entry_spiral, st_stairs_6, minmay_checkerbox
D:7:      layout_gridville, grunt_temple_overflow_forces_of_nature,
          old_standard_altar, zin_statuary, nicolae_tso_swordbearing_angel
D:8:      layout_loops_ring, enter_bailey_3
D:9:      wad_lake_hut, layout_loops_ring, ebering_ghost_reflecting_pool,
          corexii_leaking_fountain, minmay_shop_mass, minivault_25
D:10:     minmay_the_grid_octo_tiled_squarecenter
          [minmay_the_grid_octo_clover_2, minmay_the_grid_octo_focus,
          minmay_the_grid_octo_fat_diamond,
          minmay_the_grid_octo_vomiting_pacman,
          minmay_the_grid_square_5x5_megaprize_crossed,
          minmay_the_grid_square_5x5_tetrominoes,
          minmay_the_grid_square_5x5_two_walls_b,
          minmay_the_grid_square_5x5_spiral_small,
          minmay_the_grid_square_5x5_detours], layout_loops_cross,
          sword_in_stone, uniq_psyche
D:11:     nicolae_cairo_tiling_large, layout_rooms, orc_david_3
D:12:     layout_loops_ring
D:13:     minmay_coctagon, layout_irregular_city
D:14:     layout_layer_cave, hellmonk_vaults_attempted_burglary,
          good_gods_mini_temple, minmay_door_square,
          minmay_guarded_unrand_finisher, uniq_jorgrun, uniq_frances
D:15:     hangedman_depths_entry_try_elsewhere_first, layout_rooms,
          evilmike_ruin_ashenzari
Temple:   dpeg_chambers_temple
Lair:1:   layout_hall_layers, serial_bayou_lagoon_b
Lair:2:   layout_loops_ring, minmay_swamp_entry_reptiles,
          minmay_snake_entry_six_corridors, portal_ice_cave_entry_pillars_1
Lair:3:   layout_concentric_octagons, st_stairs_6
Lair:4:   layout_concentric_octagons, nicolae_slime_entry_slimehenge,
          beast_lair_carwin_9, lemuel_fruit_tree, uniq_rupert
Lair:5:   guppyfry_lair_end_dragon, layout_hall_layers, wormcave, basic_altar,
          ldierk_geyser, chequers_serial_rivers_small_a
Swamp:1:  layout_falls_marsh, nicolae_swamp_some_circles, swamp_pool2,
          nicolae_swamp_thats_no_hydra
Swamp:2:  layout_basic_swamp, infiniplex_staircase_pool_2, swamp_pool3
Swamp:3:  layout_falls_marsh, evilmike_swamp_ruin_house_5, swamp_pool4,
          hangedman_swamp_ravenous
Swamp:4:  grunt_swamp_rune_castle, layout_basic_swamp, swamp_pool4,
          uniq_bai_suzhen
Snake:1:  layout_basic, uniq_kirke
Snake:2:  layout_onion_interference, serial_bayou_shore_a, minmay_shop_star,
          uniq_vashnia, uniq_asterion, uniq_louise, uniq_aizul
Snake:3:  layout_basic
Snake:4:  snake_pit, layout_misc_corridors, ebering_ghost_disaster_area
Slime:1:  cheibrodos_slime_lost_civilization_3, layout_caves
Slime:2:  layout_caves
Slime:3:  layout_caves
Slime:4:  layout_caves, cheibrodos_slime_lost_civilization_4
Slime:5:  slime_pit
Orc:1:    layout_caves
Orc:2:    grunt_orc_gardens, layout_caves, grunt_orc_garden, grunt_orc_garden,
          grunt_orc_garden, grunt_orc_garden, basic_altar
Elf:1:    eino_elf_arrival_customs, layout_loops_cross, serial_shops,
          nicolae_shop_statue_plus, orc_legates, nicolae_elf_w_pinch,
          hangedman_elven_ridges, chequers_hall_statues_corner_a
Elf:2:    elven_hall_of_blades_hangedman_original [grunt_blade_entry_basic],
          layout_geoelf_diagonals, bh_hangedman_babel_library
Elf:3:    minmay_elf_hall_not_hex, layout_geoelf_diagonals, serial_sigils,
          serial_sigils_hangedman_clutch, serial_sigils_hangedman_stare,
          serial_sigils_hangedman_snap, serial_sigils_hangedman_writhe,
          serial_sigils_hangedman_snap, uniq_roxanne
Vaults:1: nicolae_vaults_swerve, nicolae_vaults_little_ls, v_rooms_1,
          not_door_vault_due, nicolae_vaults_spaceships,
          grunt_vaults_hallway_long, nicolae_vaults_trapezoid_lopsided_4,
          v_misc_11, nicolae_vaults_big_ls, nicolae_vaults_tetromino_Z_2,
          vaults_dpeg_hooks, layout_vaults_maze_snakey, serial_shops, shop,
          nicolae_shop_trees, nicolae_diamond_shop
Vaults:2: nicolae_vaults_tangram_1, nicolae_vaults_loss_of_containment,
          nicolae_vaults_tangram_1, v_misc_18, hangedman_vaults_nails,
          nicolae_vaults_storage_room_glass, v_misc_15,
          nicolae_vaults_tetromino_L_2, nicolae_vaults_tetromino_T_1,
          nicolae_vaults_oval_intersection, layout_vaults_big_room,
          serial_shops, shop
Vaults:3: v_pattern_3, nicolae_vaults_offset_grid_hallway_4,
          nicolae_vaults_octothorpe, hangedman_vaults_nails,
          minmay_crypt_entry_simple_corners, nicolae_vaults_wine_cellar,
          nicolae_vaults_weapon_check, v_misc_16, hangedman_vaults_trim,
          hangedman_vaults_stream, vaults_dpeg_cross, layout_vaults_ring
Vaults:4: nicolae_vaults_storage_closets_2, nicolae_vaults_bisected_inception,
          vaults_room_hallway, hangedman_vaults_corner, vaults_room_large_hall,
          nicolae_vaults_theta, hangedman_vaults_slither, ontoclasm_vaults_spin,
          grunt_vaults_hallway_short, nicolae_vaults_yaktaur_gun_rack,
          nicolae_vaults_circle_grid_b, nicolae_vaults_trapezoid_lopsided_1,
          vaults_dpeg_diagonal, grunt_vaults_focal, layout_vaults_omnibox
Vaults:5: uniq_mara
Crypt:1:  layout_gridlike, grunt_megastairs_3, grunt_crypt_arrival_split,
          uniq_xtahua
Crypt:2:  layout_misc_corridors, st_stairs_8, lemuel_hellish_altar
Crypt:3:  quadcrypt_mu
Tomb:1
Tomb:2
Tomb:3
Depths:1: minmay_stepped, layout_cave_pools, grunt_decor_junction, hellmouth_1,
          hangedman_corner_corridor
Depths:2: lemuel_river_lethe, pan_entry, hell_entry
Depths:3: minmay_triangles_in_corner, layout_cave_shapes, nicolae_integral_box,
          abyss_entry_flame_altar, pf_hell_entry_tar_river, pandoras_box_mu,
          minmay_staircase_windowed_small, uniq_norris
Depths:4: grunt_zot_entry_funnels, layout_small_grid,
          nicolae_hepliaklqana_hippocampus, abyss_entry_glasseish,
          hangedman_geh_valley, uniq_jory
Hell
Dis:1:    layout_jigsaw
Dis:2:    layout_gridville, nicolae_dis_liches_on_tour
Dis:3:    layout_subdivisions
Dis:4:    layout_jigsaw
Dis:5:    nicolae_hells_demon_pit, layout_subdivisions,
          nicolae_dis_distal_crystal
Dis:6:    layout_jigsaw
Dis:7:    dis_st
Geh:1:    layout_gehenna_pools_box
Geh:2:    layout_gehenna_pools_basic
Geh:3:    layout_gehenna_pools_triple
Geh:4:    layout_gehenna_lava_caves
Geh:5:    layout_gehenna_lava_caves
Geh:6:    layout_gehenna_pools_triple, nicolae_hells_leichenhalle
Geh:7:    geh_mu
Coc:1:    layout_ice_bergs, serial_ice, serial_ice_n, serial_ice_a
Coc:2:    nicolae_hells_titanomachy
Coc:3:    layout_cocytus_water_paths
Coc:4:    layout_ice_bergs
Coc:5:    layout_cocytus_delve
Coc:6:    layout_cocytus_water_paths
Coc:7:    coc_hangedman
Tar:1:    layout_grid_maze
Tar:2:    nicolae_tar_ssshhh
Tar:3:    layout_catacombs
Tar:4:    layout_grid_maze, lemuel_nasty_fountain
Tar:5:    layout_cathedral_of_symmetry
Tar:6:    layout_grid_maze, nicolae_tar_honey_chapel
Tar:7:    tar_mu [tar_mu_maze]
Zot:1:    layout_cellular_growth, st_stairs_10
Zot:2:    kennysheep_room_grid, layout_concentric_octagons, grunt_ministairs_14
Zot:3:    grunt_twist_and_shout, layout_onion
Zot:4:    layout_misc_corridors, uniq_josephina
Zot:5:    layout_cathedral_of_symmetry

Skill      XL: |  1  2  3  4  5  6  7  8  9 10 11 12 13 14 15 16 17 18 19 20 21 22 23 24 25 26 27 |
---------------+----------------------------------------------------------------------------------+-----
Fighting       | 2 3 4 5 6 8 9 10 11 12 13 14 15 16 17 18 19 20 27 | 27.0
Short Blades   | 3 4 5 6 7 8 9 10 12 13 14 16 17 18 19 | 19.4
Stealth        | 1 2 3 4 5 6 8 9 10 11 12 13 14 15 17 18 19 20 27 | 27.0
Dodging        | 3 4 5 6 7 8 9 10 11 12 13 14 15 25 | 25.3
Shields        | 1 2 3 4 6 7 9 10 11 12 13 14 15 16 17 19 21 27 | 27.0
Armour         | 1 3 4 5 6 7 8 9 10 11 12 25 | 25.0
Spellcasting   | 3 5 6 8 9 12 13 14 15 17 18 24 | 24.7
Transmutations | 1 8 |  8.1
Shapeshifting  | 23 | 23.2
Throwing       | |  1.7

Action                     |  1- 3 |  4- 6 |  7- 9 | 10-12 | 13-15 | 16-18 | 19-21 | 22-24 | 25-27 || total
---------------------------+-------+-------+-------+-------+-------+-------+-------+-------+-------++-------
  Melee: Rapier            |    75 |    77 |   302 |       |       |   662 |   839 |       |       ||  1955
         Bite              |    16 |    30 |   198 |   323 |   558 |   697 |   875 |  1530 | 10859 || 15086
         Dagger            |       |       |   273 |    23 |       |       |       |       |       ||   296
         Short sword       |       |       |    49 |   819 |  1346 |  1111 |       |       |       ||  3325
         Quick blade       |       |       |       |       |       |       |  1149 |  3129 | 21194 || 25472
         Cutlass           |       |       |       |       |       |       |       |       |   274 ||   274
  Throw: Throwing net      |     2 |     1 |       |       |       |       |       |       |       ||     3
   Cast: Wereblood         |       |       |       |       |       |       |     4 |     4 |    11 ||    19
 Invoke: Serpent's Lash    |       |       |       |     4 |     8 |    13 |    10 |     5 |    35 ||    75
         Heavenly Storm    |       |       |       |       |     2 |     5 |     4 |     1 |    33 ||    45
Ability: Lunge             |       |       |    28 |    66 |    69 |    87 |   101 |    82 |   679 ||  1112
         Whirlwind         |       |       |    84 |   178 |   391 |   642 |   534 |   579 |  4139 ||  6547
         Wall Jump         |       |       |     1 |     6 |     7 |     8 |    10 |    11 |    11 ||    54
         Evoke Blink       |       |       |       |       |       |     1 |     1 |       |     5 ||     7
         Siphon Essence    |       |       |       |       |       |       |       |       |     5 ||     5
  Evoke: Wand              |       |       |       |       |     2 |       |       |       |     4 ||     6
    Use: Scroll            |     3 |     4 |    12 |    14 |    14 |     4 |     8 |     2 |    33 ||    94
         Potion            |       |     1 |       |       |       |     1 |       |     5 |    22 ||    29
   Stab: Sleeping          |     2 |     6 |    24 |    18 |    59 |    25 |    63 |    46 |   147 ||   390
         Distracted        |       |       |     1 |     2 |     2 |     3 |    16 |    17 |   141 ||   182
         Fleeing           |       |       |       |     1 |       |       |       |       |       ||     1
         Petrifying        |       |       |       |       |     2 |       |       |       |    13 ||    15
         Confused          |       |       |       |       |       |     2 |       |       |       ||     2
         Petrified         |       |       |       |       |       |       |       |       |     4 ||     4
 Armour: Leather armour    |    38 |     9 |       |       |       |       |       |       |       ||    47
         Ring mail         |       |    22 |   341 |   248 |       |       |       |       |       ||   611
         Troll leather arm |       |       |       |   223 |    25 |       |       |       |       ||   248
         Swamp dragon scal |       |       |       |       |   190 |       |       |       |       ||   190
         Scale mail        |       |       |       |       |   260 |   585 |   291 |   296 |  1617 ||  3049
  Dodge: Dodged            |    40 |    37 |   285 |   346 |   416 |   744 |   366 |   361 |  3659 ||  6254
  Block: Kite shield       |    24 |    26 |   319 |   434 |   350 |       |       |       |       ||  1153
         Tower shield      |       |       |       |       |   359 |  1601 |  1124 |  1109 |  9309 || 13502
   Form: Death             |       |       |       |       |       |       |       |       |     9 ||     9
                           |       |       |       |       |       |       |       |       |     8 ||     8

Table legend: (Time is in decaauts)
 A = Elapsed time spent in this place.
 B = Non-inter-level travel time spent in this place.
 C = Inter-level travel time spent in this place.
 D = Time resting spent in this place.
 E = Time spent auto-exploring this place.
 F = Levels seen in this place.
 G = Mean time per level.
                   A        B        C        D        E       F      G
               +--------+--------+--------+--------+--------+-----+--------+
         Total |  81368 |  70507 |  10861 |   1726 |  37351 | 138 |  589.6 |
       Dungeon |  14767 |  12147 |   2620 |    134 |   8950 |  15 |  984.5 |
        Temple |     47 |     27 |     20 |      0 |      0 |   1 |   47.0 |
          Lair |   5318 |   4756 |    562 |    120 |   3252 |   5 | 1063.6 |
         Swamp |   3397 |   3121 |    276 |     25 |   1932 |   4 |  849.2 |
     Snake Pit |   3456 |   3236 |    220 |      2 |   2260 |   4 |  864.0 |
    Slime Pits |    829 |    683 |    146 |      0 |    236 |   5 |  165.8 |
  Orcish Mines |   1467 |   1143 |    324 |      0 |    778 |   2 |  733.5 |
   Elven Halls |   3945 |   2987 |    958 |    143 |   1699 |   3 | 1315.0 |
        Vaults |   6223 |   5107 |   1116 |      0 |   3373 |   5 | 1244.6 |
         Crypt |   3010 |   2332 |    678 |      0 |   1541 |   3 | 1003.3 |
          Tomb |   2812 |   2128 |    684 |     35 |    757 |   3 |  937.3 |
        Depths |   6065 |   4863 |   1202 |     31 |   2600 |   4 | 1516.2 |
          Hell |    460 |    363 |     97 |      0 |      0 |   1 |  460.0 |
           Dis |   1552 |   1222 |    330 |     10 |      7 |   7 |  221.7 |
       Gehenna |   1823 |   1331 |    492 |     31 |      0 |   7 |  260.4 |
       Cocytus |    853 |    764 |     89 |      0 |      0 |   7 |  121.9 |
      Tartarus |   1999 |    968 |   1031 |     36 |      0 |   7 |  285.6 |
           Zot |    820 |    810 |     10 |      0 |    235 |   5 |  164.0 |
         Abyss |    857 |    857 |      0 |      0 |    235 |   3 |  285.7 |
   Pandemonium |  18834 |  18834 |      0 |   1129 |   9020 |  26 |  724.4 |
      Ziggurat |   1376 |   1376 |      0 |      0 |      1 |  18 |   76.4 |
         Sewer |    474 |    474 |      0 |      0 |    269 |   1 |  474.0 |
        Bailey |    504 |    504 |      0 |      0 |     73 |   1 |  504.0 |
      Ice Cave |    469 |    469 |      0 |     30 |    130 |   1 |  469.0 |
               +--------+--------+--------+--------+--------+-----+--------+

Top non-repeatable levels by time:
Depths:2: 2005 daAuts
    D:14: 1791 daAuts
   Tar:7: 1623 daAuts
Depths:3: 1621 daAuts
   Elf:3: 1610 daAuts
    D:10: 1574 daAuts
 Crypt:3: 1564 daAuts
Vaults:3: 1487 daAuts
   Elf:1: 1483 daAuts
  Tomb:1: 1478 daAuts
  Lair:5: 1426 daAuts
Depths:1: 1349 daAuts
     D:9: 1287 daAuts
Vaults:1: 1284 daAuts
Vaults:5: 1220 daAuts
